%YAML 1.1
%TAG !u! tag:unity3d.com,2011:
--- !u!1 &1021237145618215
GameObject:
  m_ObjectHideFlags: 0
  m_CorrespondingSourceObject: {fileID: 0}
  m_PrefabInstance: {fileID: 0}
  m_PrefabAsset: {fileID: 0}
  serializedVersion: 6
  m_Component:
  - component: {fileID: 4213688573370137}
  m_Layer: 10
  m_Name: Bone009
  m_TagString: Untagged
  m_Icon: {fileID: 0}
  m_NavMeshLayer: 0
  m_StaticEditorFlags: 0
  m_IsActive: 1
--- !u!4 &4213688573370137
Transform:
  m_ObjectHideFlags: 0
  m_CorrespondingSourceObject: {fileID: 0}
  m_PrefabInstance: {fileID: 0}
  m_PrefabAsset: {fileID: 0}
  m_GameObject: {fileID: 1021237145618215}
  m_LocalRotation: {x: -0.02717055, y: -0.05095255, z: 0.2349538, w: 0.9702898}
  m_LocalPosition: {x: -0.3218372, y: -0.01794104, z: -0.1115026}
  m_LocalScale: {x: 0.9999999, y: 1, z: 0.9999999}
  m_Children:
  - {fileID: 4032010725152783}
  m_Father: {fileID: 4789664198833270}
  m_RootOrder: 1
  m_LocalEulerAnglesHint: {x: -4.413586, y: 4.939848, z: -27.41458}
--- !u!1 &1022803776032138
GameObject:
  m_ObjectHideFlags: 0
  m_CorrespondingSourceObject: {fileID: 0}
  m_PrefabInstance: {fileID: 0}
  m_PrefabAsset: {fileID: 0}
  serializedVersion: 6
  m_Component:
  - component: {fileID: 4887989614443171}
  m_Layer: 10
  m_Name: RightWeapon
  m_TagString: Untagged
  m_Icon: {fileID: 0}
  m_NavMeshLayer: 0
  m_StaticEditorFlags: 0
  m_IsActive: 1
--- !u!4 &4887989614443171
Transform:
  m_ObjectHideFlags: 0
  m_CorrespondingSourceObject: {fileID: 0}
  m_PrefabInstance: {fileID: 0}
  m_PrefabAsset: {fileID: 0}
  m_GameObject: {fileID: 1022803776032138}
  m_LocalRotation: {x: -0.000001430511, y: -0.000000008847534, z: -1.26565e-14, w: 1}
  m_LocalPosition: {x: -0.6276811, y: -0.001799347, z: -0.02071711}
  m_LocalScale: {x: 1, y: 1, z: 1}
  m_Children: []
  m_Father: {fileID: 4021423367349102}
  m_RootOrder: 4
  m_LocalEulerAnglesHint: {x: -0.0001639245, y: 0.000001013853, z: 0}
--- !u!1 &1028189934187483
GameObject:
  m_ObjectHideFlags: 0
  m_CorrespondingSourceObject: {fileID: 0}
  m_PrefabInstance: {fileID: 0}
  m_PrefabAsset: {fileID: 0}
  serializedVersion: 6
  m_Component:
  - component: {fileID: 4036463571719911}
  m_Layer: 10
  m_Name: Bone018
  m_TagString: Untagged
  m_Icon: {fileID: 0}
  m_NavMeshLayer: 0
  m_StaticEditorFlags: 0
  m_IsActive: 1
--- !u!4 &4036463571719911
Transform:
  m_ObjectHideFlags: 0
  m_CorrespondingSourceObject: {fileID: 0}
  m_PrefabInstance: {fileID: 0}
  m_PrefabAsset: {fileID: 0}
  m_GameObject: {fileID: 1028189934187483}
  m_LocalRotation: {x: 0.000002055354, y: -0.0000009974517, z: 0.2844632, w: 0.9586869}
  m_LocalPosition: {x: -0.1882606, y: -0.00000005960464, z: 0.0000001192093}
  m_LocalScale: {x: 1, y: 1, z: 1}
  m_Children: []
  m_Father: {fileID: 4278696882069326}
  m_RootOrder: 0
  m_LocalEulerAnglesHint: {x: 0.0001932819, y: 0.000176576, z: -33.05353}
--- !u!1 &1028197709685364
GameObject:
  m_ObjectHideFlags: 0
  m_CorrespondingSourceObject: {fileID: 0}
  m_PrefabInstance: {fileID: 0}
  m_PrefabAsset: {fileID: 0}
  serializedVersion: 6
  m_Component:
  - component: {fileID: 4570461092770065}
  m_Layer: 10
  m_Name: Bip001 R Thigh
  m_TagString: Untagged
  m_Icon: {fileID: 0}
  m_NavMeshLayer: 0
  m_StaticEditorFlags: 0
  m_IsActive: 1
--- !u!4 &4570461092770065
Transform:
  m_ObjectHideFlags: 0
  m_CorrespondingSourceObject: {fileID: 0}
  m_PrefabInstance: {fileID: 0}
  m_PrefabAsset: {fileID: 0}
  m_GameObject: {fileID: 1028197709685364}
  m_LocalRotation: {x: -0.3169425, y: 0.9389754, z: -0.1333697, w: -0.009230956}
  m_LocalPosition: {x: 0.04516792, y: 0.01443028, z: -0.6385878}
  m_LocalScale: {x: 1, y: 1, z: 0.9999999}
  m_Children:
  - {fileID: 4292741713009815}
  m_Father: {fileID: 4294383659489644}
  m_RootOrder: 2
  m_LocalEulerAnglesHint: {x: -165.7656, y: 5.847229, z: 143.4274}
--- !u!1 &1034261132066298
GameObject:
  m_ObjectHideFlags: 0
  m_CorrespondingSourceObject: {fileID: 0}
  m_PrefabInstance: {fileID: 0}
  m_PrefabAsset: {fileID: 0}
  serializedVersion: 6
  m_Component:
  - component: {fileID: 4511170128653656}
  m_Layer: 10
  m_Name: Bip001 R Finger1Nub
  m_TagString: Untagged
  m_Icon: {fileID: 0}
  m_NavMeshLayer: 0
  m_StaticEditorFlags: 0
  m_IsActive: 1
--- !u!4 &4511170128653656
Transform:
  m_ObjectHideFlags: 0
  m_CorrespondingSourceObject: {fileID: 0}
  m_PrefabInstance: {fileID: 0}
  m_PrefabAsset: {fileID: 0}
  m_GameObject: {fileID: 1034261132066298}
  m_LocalRotation: {x: -0.00000000372529, y: -0.00000000372529, z: 1, w: 4.735455e-17}
  m_LocalPosition: {x: -0.184118, y: 0, z: 0}
  m_LocalScale: {x: -1, y: -1, z: -1}
  m_Children: []
  m_Father: {fileID: 4850697915152487}
  m_RootOrder: 0
  m_LocalEulerAnglesHint: {x: -0.0000004268868, y: -0.0000004268868, z: -180}
--- !u!1 &1057510305907881
GameObject:
  m_ObjectHideFlags: 0
  m_CorrespondingSourceObject: {fileID: 0}
  m_PrefabInstance: {fileID: 0}
  m_PrefabAsset: {fileID: 0}
  serializedVersion: 6
  m_Component:
  - component: {fileID: 4906605309694324}
  m_Layer: 10
  m_Name: Bone003
  m_TagString: Untagged
  m_Icon: {fileID: 0}
  m_NavMeshLayer: 0
  m_StaticEditorFlags: 0
  m_IsActive: 1
--- !u!4 &4906605309694324
Transform:
  m_ObjectHideFlags: 0
  m_CorrespondingSourceObject: {fileID: 0}
  m_PrefabInstance: {fileID: 0}
  m_PrefabAsset: {fileID: 0}
  m_GameObject: {fileID: 1057510305907881}
  m_LocalRotation: {x: 0.02716927, y: -0.05095275, z: -0.234954, w: 0.9702898}
  m_LocalPosition: {x: -0.3218371, y: 0.01794027, z: -0.1115026}
  m_LocalScale: {x: 0.9999997, y: 1, z: 1}
  m_Children:
  - {fileID: 4287053340679897}
  m_Father: {fileID: 4502156424527858}
  m_RootOrder: 0
  m_LocalEulerAnglesHint: {x: 4.41345, y: 4.939903, z: 27.41459}
--- !u!1 &1084565941170864
GameObject:
  m_ObjectHideFlags: 0
  m_CorrespondingSourceObject: {fileID: 0}
  m_PrefabInstance: {fileID: 0}
  m_PrefabAsset: {fileID: 0}
  serializedVersion: 6
  m_Component:
  - component: {fileID: 4072164984020210}
  m_Layer: 10
  m_Name: Bip001 L Hand
  m_TagString: Untagged
  m_Icon: {fileID: 0}
  m_NavMeshLayer: 0
  m_StaticEditorFlags: 0
  m_IsActive: 1
--- !u!4 &4072164984020210
Transform:
  m_ObjectHideFlags: 0
  m_CorrespondingSourceObject: {fileID: 0}
  m_PrefabInstance: {fileID: 0}
  m_PrefabAsset: {fileID: 0}
  m_GameObject: {fileID: 1084565941170864}
  m_LocalRotation: {x: -0.6811183, y: -0.1890412, z: -0.1888908, w: 0.6816609}
  m_LocalPosition: {x: -0.4198675, y: 0, z: 0.0000002384186}
  m_LocalScale: {x: 1, y: 1, z: 1}
  m_Children:
  - {fileID: 4034783505340891}
  - {fileID: 4505978907793909}
  - {fileID: 4718151524528506}
  - {fileID: 4502156424527858}
  - {fileID: 4991237143487340}
  m_Father: {fileID: 4702214851659925}
  m_RootOrder: 0
  m_LocalEulerAnglesHint: {x: -89.95438, y: 30.99999, z: -0.00000008360615}
--- !u!1 &1116615885878601
GameObject:
  m_ObjectHideFlags: 0
  m_CorrespondingSourceObject: {fileID: 0}
  m_PrefabInstance: {fileID: 0}
  m_PrefabAsset: {fileID: 0}
  serializedVersion: 6
  m_Component:
  - component: {fileID: 4458481227653924}
  m_Layer: 10
  m_Name: Bip001
  m_TagString: Untagged
  m_Icon: {fileID: 0}
  m_NavMeshLayer: 0
  m_StaticEditorFlags: 0
  m_IsActive: 1
--- !u!4 &4458481227653924
Transform:
  m_ObjectHideFlags: 0
  m_CorrespondingSourceObject: {fileID: 0}
  m_PrefabInstance: {fileID: 0}
  m_PrefabAsset: {fileID: 0}
  m_GameObject: {fileID: 1116615885878601}
  m_LocalRotation: {x: -0.5000004, y: 0.4999997, z: 0.4999997, w: 0.5000004}
  m_LocalPosition: {x: 0, y: 1.462021, z: -0.1389913}
  m_LocalScale: {x: 0.9999999, y: 0.9999999, z: 1}
  m_Children:
  - {fileID: 4470019378006677}
  m_Father: {fileID: 4121256543234969}
  m_RootOrder: 0
  m_LocalEulerAnglesHint: {x: -90, y: -89.99992, z: 0}
--- !u!1 &1118413797779902
GameObject:
  m_ObjectHideFlags: 0
  m_CorrespondingSourceObject: {fileID: 0}
  m_PrefabInstance: {fileID: 0}
  m_PrefabAsset: {fileID: 0}
  serializedVersion: 6
  m_Component:
  - component: {fileID: 4561521927372508}
  m_Layer: 10
  m_Name: Chest
  m_TagString: Untagged
  m_Icon: {fileID: 0}
  m_NavMeshLayer: 0
  m_StaticEditorFlags: 0
  m_IsActive: 1
--- !u!4 &4561521927372508
Transform:
  m_ObjectHideFlags: 0
  m_CorrespondingSourceObject: {fileID: 0}
  m_PrefabInstance: {fileID: 0}
  m_PrefabAsset: {fileID: 0}
  m_GameObject: {fileID: 1118413797779902}
  m_LocalRotation: {x: 0.00000006657903, y: 0, z: 0, w: 1}
  m_LocalPosition: {x: 0, y: 1.883042, z: 0.9219999}
  m_LocalScale: {x: 1, y: 1, z: 1}
  m_Children: []
  m_Father: {fileID: 4121256543234969}
  m_RootOrder: 8
  m_LocalEulerAnglesHint: {x: 0.000007629395, y: 0, z: 0}
--- !u!1 &1136849472781844
GameObject:
  m_ObjectHideFlags: 0
  m_CorrespondingSourceObject: {fileID: 0}
  m_PrefabInstance: {fileID: 0}
  m_PrefabAsset: {fileID: 0}
  serializedVersion: 6
  m_Component:
  - component: {fileID: 4549825388249245}
  m_Layer: 10
  m_Name: Bone022
  m_TagString: Untagged
  m_Icon: {fileID: 0}
  m_NavMeshLayer: 0
  m_StaticEditorFlags: 0
  m_IsActive: 1
--- !u!4 &4549825388249245
Transform:
  m_ObjectHideFlags: 0
  m_CorrespondingSourceObject: {fileID: 0}
  m_PrefabInstance: {fileID: 0}
  m_PrefabAsset: {fileID: 0}
  m_GameObject: {fileID: 1136849472781844}
  m_LocalRotation: {x: 0.8873569, y: -0.4610834, z: 0.0000004807314, w: 0.0000003998564}
  m_LocalPosition: {x: -1.012, y: 2.189792, z: -0.9766068}
  m_LocalScale: {x: 1, y: 1, z: 1}
  m_Children: []
  m_Father: {fileID: 4121256543234969}
  m_RootOrder: 7
  m_LocalEulerAnglesHint: {x: 180, y: 0.00007000942, z: 54.91407}
--- !u!1 &1137122191687207
GameObject:
  m_ObjectHideFlags: 0
  m_CorrespondingSourceObject: {fileID: 0}
  m_PrefabInstance: {fileID: 0}
  m_PrefabAsset: {fileID: 0}
  serializedVersion: 6
  m_Component:
  - component: {fileID: 4899342871995980}
  m_Layer: 10
  m_Name: Bone006
  m_TagString: Untagged
  m_Icon: {fileID: 0}
  m_NavMeshLayer: 0
  m_StaticEditorFlags: 0
  m_IsActive: 1
--- !u!4 &4899342871995980
Transform:
  m_ObjectHideFlags: 0
  m_CorrespondingSourceObject: {fileID: 0}
  m_PrefabInstance: {fileID: 0}
  m_PrefabAsset: {fileID: 0}
  m_GameObject: {fileID: 1137122191687207}
  m_LocalRotation: {x: 0.000001351848, y: 0.0000003148099, z: 0.2622632, w: 0.9649964}
  m_LocalPosition: {x: -0.1888121, y: 0.00000005960464, z: -0.00000005215406}
  m_LocalScale: {x: 1, y: 1, z: 1}
  m_Children: []
  m_Father: {fileID: 4771158669731333}
  m_RootOrder: 0
  m_LocalEulerAnglesHint: {x: 0.000158949, y: 0.000005815477, z: -30.40879}
--- !u!1 &1143020311838856
GameObject:
  m_ObjectHideFlags: 0
  m_CorrespondingSourceObject: {fileID: 0}
  m_PrefabInstance: {fileID: 0}
  m_PrefabAsset: {fileID: 0}
  serializedVersion: 6
  m_Component:
  - component: {fileID: 4627315868228610}
  m_Layer: 10
  m_Name: Hp
  m_TagString: Untagged
  m_Icon: {fileID: 0}
  m_NavMeshLayer: 0
  m_StaticEditorFlags: 0
  m_IsActive: 1
--- !u!4 &4627315868228610
Transform:
  m_ObjectHideFlags: 0
  m_CorrespondingSourceObject: {fileID: 0}
  m_PrefabInstance: {fileID: 0}
  m_PrefabAsset: {fileID: 0}
  m_GameObject: {fileID: 1143020311838856}
  m_LocalRotation: {x: 0, y: 0, z: 0, w: 1}
  m_LocalPosition: {x: 0.1, y: 4.1, z: -0.07}
  m_LocalScale: {x: 1, y: 1, z: 1}
  m_Children: []
  m_Father: {fileID: 4121256543234969}
  m_RootOrder: 14
  m_LocalEulerAnglesHint: {x: 0, y: 0, z: 0}
--- !u!1 &1143619824016400
GameObject:
  m_ObjectHideFlags: 0
  m_CorrespondingSourceObject: {fileID: 0}
  m_PrefabInstance: {fileID: 0}
  m_PrefabAsset: {fileID: 0}
  serializedVersion: 6
  m_Component:
  - component: {fileID: 4447817700609361}
  m_Layer: 10
  m_Name: Ground
  m_TagString: Untagged
  m_Icon: {fileID: 0}
  m_NavMeshLayer: 0
  m_StaticEditorFlags: 0
  m_IsActive: 1
--- !u!4 &4447817700609361
Transform:
  m_ObjectHideFlags: 0
  m_CorrespondingSourceObject: {fileID: 0}
  m_PrefabInstance: {fileID: 0}
  m_PrefabAsset: {fileID: 0}
  m_GameObject: {fileID: 1143619824016400}
  m_LocalRotation: {x: 0.00000006657903, y: 0, z: 0, w: 1}
  m_LocalPosition: {x: 0, y: 0, z: 0}
  m_LocalScale: {x: 1, y: 1, z: 1}
  m_Children: []
  m_Father: {fileID: 4121256543234969}
  m_RootOrder: 9
  m_LocalEulerAnglesHint: {x: 0.000007629395, y: 0, z: 0}
--- !u!1 &1154482303171712
GameObject:
  m_ObjectHideFlags: 0
  m_CorrespondingSourceObject: {fileID: 0}
  m_PrefabInstance: {fileID: 0}
  m_PrefabAsset: {fileID: 0}
  serializedVersion: 6
  m_Component:
  - component: {fileID: 4644602591953754}
  m_Layer: 10
  m_Name: Bip001 L Finger01
  m_TagString: Untagged
  m_Icon: {fileID: 0}
  m_NavMeshLayer: 0
  m_StaticEditorFlags: 0
  m_IsActive: 1
--- !u!4 &4644602591953754
Transform:
  m_ObjectHideFlags: 0
  m_CorrespondingSourceObject: {fileID: 0}
  m_PrefabInstance: {fileID: 0}
  m_PrefabAsset: {fileID: 0}
  m_GameObject: {fileID: 1154482303171712}
  m_LocalRotation: {x: -0.000000007142775, y: 0.000000002119416, z: -0.2844632, w: 0.9586869}
  m_LocalPosition: {x: -0.1882606, y: -0.00000005960464, z: 0}
  m_LocalScale: {x: 1, y: 1, z: 1}
  m_Children:
  - {fileID: 4069578094808325}
  m_Father: {fileID: 4034783505340891}
  m_RootOrder: 0
  m_LocalEulerAnglesHint: {x: -0.0000008537737, y: 1.447601e-14, z: 33.05352}
--- !u!1 &1164258104779312
GameObject:
  m_ObjectHideFlags: 0
  m_CorrespondingSourceObject: {fileID: 0}
  m_PrefabInstance: {fileID: 0}
  m_PrefabAsset: {fileID: 0}
  serializedVersion: 6
  m_Component:
  - component: {fileID: 4502156424527858}
  m_Layer: 10
  m_Name: Bone023
  m_TagString: Untagged
  m_Icon: {fileID: 0}
  m_NavMeshLayer: 0
  m_StaticEditorFlags: 0
  m_IsActive: 1
--- !u!4 &4502156424527858
Transform:
  m_ObjectHideFlags: 0
  m_CorrespondingSourceObject: {fileID: 0}
  m_PrefabInstance: {fileID: 0}
  m_PrefabAsset: {fileID: 0}
  m_GameObject: {fileID: 1164258104779312}
  m_LocalRotation: {x: -0.03488544, y: -0.0009137209, z: -0.02616147, w: 0.9990485}
  m_LocalPosition: {x: -0.4147887, y: -0.008848071, z: 0.02124798}
  m_LocalScale: {x: 1, y: 1, z: 0.9999999}
  m_Children:
  - {fileID: 4906605309694324}
  - {fileID: 4991722625633701}
  - {fileID: 4142290685238946}
  m_Father: {fileID: 4072164984020210}
  m_RootOrder: 3
  m_LocalEulerAnglesHint: {x: -3.994295, y: 0.209188, z: 2.992759}
--- !u!1 &1175493283374005
GameObject:
  m_ObjectHideFlags: 0
  m_CorrespondingSourceObject: {fileID: 0}
  m_PrefabInstance: {fileID: 0}
  m_PrefabAsset: {fileID: 0}
  serializedVersion: 6
  m_Component:
  - component: {fileID: 4854491019784734}
  m_Layer: 10
  m_Name: Bip001 HeadNub
  m_TagString: Untagged
  m_Icon: {fileID: 0}
  m_NavMeshLayer: 0
  m_StaticEditorFlags: 0
  m_IsActive: 1
--- !u!4 &4854491019784734
Transform:
  m_ObjectHideFlags: 0
  m_CorrespondingSourceObject: {fileID: 0}
  m_PrefabInstance: {fileID: 0}
  m_PrefabAsset: {fileID: 0}
  m_GameObject: {fileID: 1175493283374005}
  m_LocalRotation: {x: 0, y: 0, z: 0, w: 1}
  m_LocalPosition: {x: -0.6300175, y: -0.0000001192093, z: -2.273737e-13}
  m_LocalScale: {x: 1, y: 1, z: 0.9999999}
  m_Children: []
  m_Father: {fileID: 4844854914082321}
  m_RootOrder: 0
  m_LocalEulerAnglesHint: {x: 0, y: 0, z: 0}
--- !u!1 &1184204444154395
GameObject:
  m_ObjectHideFlags: 0
  m_CorrespondingSourceObject: {fileID: 0}
  m_PrefabInstance: {fileID: 0}
  m_PrefabAsset: {fileID: 0}
  serializedVersion: 6
  m_Component:
  - component: {fileID: 4610194566396838}
  m_Layer: 10
  m_Name: Bone001
  m_TagString: Untagged
  m_Icon: {fileID: 0}
  m_NavMeshLayer: 0
  m_StaticEditorFlags: 0
  m_IsActive: 1
--- !u!4 &4610194566396838
Transform:
  m_ObjectHideFlags: 0
  m_CorrespondingSourceObject: {fileID: 0}
  m_PrefabInstance: {fileID: 0}
  m_PrefabAsset: {fileID: 0}
  m_GameObject: {fileID: 1184204444154395}
  m_LocalRotation: {x: -0.0000001092921, y: -0.0000001092921, z: 0.9862184, w: -0.1654487}
  m_LocalPosition: {x: 0.6410005, y: 2.315741, z: -0.187157}
  m_LocalScale: {x: 0.9999998, y: 0.9999999, z: 0.9999998}
  m_Children:
  - {fileID: 4507964162414277}
  m_Father: {fileID: 4121256543234969}
  m_RootOrder: 1
  m_LocalEulerAnglesHint: {x: -0.00001027928, y: -0.00001442342, z: 160.9534}
--- !u!1 &1193147939924439
GameObject:
  m_ObjectHideFlags: 0
  m_CorrespondingSourceObject: {fileID: 0}
  m_PrefabInstance: {fileID: 0}
  m_PrefabAsset: {fileID: 0}
  serializedVersion: 6
  m_Component:
  - component: {fileID: 4359871857050496}
  m_Layer: 10
  m_Name: Bone014
  m_TagString: Untagged
  m_Icon: {fileID: 0}
  m_NavMeshLayer: 0
  m_StaticEditorFlags: 0
  m_IsActive: 1
--- !u!4 &4359871857050496
Transform:
  m_ObjectHideFlags: 0
  m_CorrespondingSourceObject: {fileID: 0}
  m_PrefabInstance: {fileID: 0}
  m_PrefabAsset: {fileID: 0}
  m_GameObject: {fileID: 1193147939924439}
  m_LocalRotation: {x: -0.003061712, y: 0.008171749, z: 0.3508555, w: 0.936389}
  m_LocalPosition: {x: -0.79848, y: -0.0000003576279, z: -0.00000005960464}
  m_LocalScale: {x: 1, y: 1, z: 1}
  m_Children: []
  m_Father: {fileID: 4894113826024766}
  m_RootOrder: 0
  m_LocalEulerAnglesHint: {x: 0.00001722057, y: -0.9999944, z: -41.08094}
--- !u!1 &1206452256511385
GameObject:
  m_ObjectHideFlags: 0
  m_CorrespondingSourceObject: {fileID: 0}
  m_PrefabInstance: {fileID: 0}
  m_PrefabAsset: {fileID: 0}
  serializedVersion: 6
  m_Component:
  - component: {fileID: 4616081774435620}
  m_Layer: 10
  m_Name: Bone020
  m_TagString: Untagged
  m_Icon: {fileID: 0}
  m_NavMeshLayer: 0
  m_StaticEditorFlags: 0
  m_IsActive: 1
--- !u!4 &4616081774435620
Transform:
  m_ObjectHideFlags: 0
  m_CorrespondingSourceObject: {fileID: 0}
  m_PrefabInstance: {fileID: 0}
  m_PrefabAsset: {fileID: 0}
  m_GameObject: {fileID: 1206452256511385}
  m_LocalRotation: {x: 0.4117996, y: 0.9112744, z: -0.0000005168592, w: 0.0000004970488}
  m_LocalPosition: {x: 1.012005, y: 2.189793, z: -0.976607}
  m_LocalScale: {x: 1, y: 1, z: 0.9999998}
  m_Children: []
  m_Father: {fileID: 4121256543234969}
  m_RootOrder: 5
  m_LocalEulerAnglesHint: {x: -180, y: -0.00007629395, z: -131.3641}
--- !u!1 &1257646023371610
GameObject:
  m_ObjectHideFlags: 0
  m_CorrespondingSourceObject: {fileID: 0}
  m_PrefabInstance: {fileID: 0}
  m_PrefabAsset: {fileID: 0}
  serializedVersion: 6
  m_Component:
  - component: {fileID: 4285066890900284}
  m_Layer: 10
  m_Name: Bip001 L Finger21
  m_TagString: Untagged
  m_Icon: {fileID: 0}
  m_NavMeshLayer: 0
  m_StaticEditorFlags: 0
  m_IsActive: 1
--- !u!4 &4285066890900284
Transform:
  m_ObjectHideFlags: 0
  m_CorrespondingSourceObject: {fileID: 0}
  m_PrefabInstance: {fileID: 0}
  m_PrefabAsset: {fileID: 0}
  m_GameObject: {fileID: 1257646023371610}
  m_LocalRotation: {x: 0.000000001308941, y: -0.00000000228595, z: -0.2622638, w: 0.9649962}
  m_LocalPosition: {x: -0.1888123, y: 0, z: 0}
  m_LocalScale: {x: 1, y: 1, z: 1}
  m_Children:
  - {fileID: 4224021483996995}
  m_Father: {fileID: 4718151524528506}
  m_RootOrder: 0
  m_LocalEulerAnglesHint: {x: 0.0000002134434, y: 0.0000002134434, z: 30.40886}
--- !u!1 &1265496235382206
GameObject:
  m_ObjectHideFlags: 0
  m_CorrespondingSourceObject: {fileID: 0}
  m_PrefabInstance: {fileID: 0}
  m_PrefabAsset: {fileID: 0}
  serializedVersion: 6
  m_Component:
  - component: {fileID: 4234202249679320}
  m_Layer: 10
  m_Name: Bip001 L Toe0Nub
  m_TagString: Untagged
  m_Icon: {fileID: 0}
  m_NavMeshLayer: 0
  m_StaticEditorFlags: 0
  m_IsActive: 1
--- !u!4 &4234202249679320
Transform:
  m_ObjectHideFlags: 0
  m_CorrespondingSourceObject: {fileID: 0}
  m_PrefabInstance: {fileID: 0}
  m_PrefabAsset: {fileID: 0}
  m_GameObject: {fileID: 1265496235382206}
  m_LocalRotation: {x: -0.00000001490116, y: 9.12433e-25, z: 1, w: 6.123234e-17}
  m_LocalPosition: {x: -0.02099538, y: 4.656613e-10, z: 0}
  m_LocalScale: {x: -1, y: -0.9999999, z: -1}
  m_Children: []
  m_Father: {fileID: 4820863522896966}
  m_RootOrder: 0
  m_LocalEulerAnglesHint: {x: 0, y: -0.000001707547, z: -180}
--- !u!1 &1267870676864176
GameObject:
  m_ObjectHideFlags: 0
  m_CorrespondingSourceObject: {fileID: 0}
  m_PrefabInstance: {fileID: 0}
  m_PrefabAsset: {fileID: 0}
  serializedVersion: 6
  m_Component:
  - component: {fileID: 4840660497620130}
  m_Layer: 10
  m_Name: Fly_Head
  m_TagString: Untagged
  m_Icon: {fileID: 0}
  m_NavMeshLayer: 0
  m_StaticEditorFlags: 0
  m_IsActive: 1
--- !u!4 &4840660497620130
Transform:
  m_ObjectHideFlags: 0
  m_CorrespondingSourceObject: {fileID: 0}
  m_PrefabInstance: {fileID: 0}
  m_PrefabAsset: {fileID: 0}
  m_GameObject: {fileID: 1267870676864176}
  m_LocalRotation: {x: 0, y: 0, z: 0, w: 1}
  m_LocalPosition: {x: 0.1, y: 3.63, z: -0.07}
  m_LocalScale: {x: 1, y: 1, z: 1}
  m_Children: []
  m_Father: {fileID: 4121256543234969}
  m_RootOrder: 12
  m_LocalEulerAnglesHint: {x: 0, y: 0, z: 0}
--- !u!1 &1275263935768444
GameObject:
  m_ObjectHideFlags: 0
  m_CorrespondingSourceObject: {fileID: 0}
  m_PrefabInstance: {fileID: 0}
  m_PrefabAsset: {fileID: 0}
  serializedVersion: 6
  m_Component:
  - component: {fileID: 4346450026412228}
  m_Layer: 10
  m_Name: Chest_in
  m_TagString: Untagged
  m_Icon: {fileID: 0}
  m_NavMeshLayer: 0
  m_StaticEditorFlags: 0
  m_IsActive: 1
--- !u!4 &4346450026412228
Transform:
  m_ObjectHideFlags: 0
  m_CorrespondingSourceObject: {fileID: 0}
  m_PrefabInstance: {fileID: 0}
  m_PrefabAsset: {fileID: 0}
  m_GameObject: {fileID: 1275263935768444}
  m_LocalRotation: {x: 0, y: 0, z: 0, w: 1}
  m_LocalPosition: {x: 0.08, y: 1.8, z: -0.11}
  m_LocalScale: {x: 1, y: 1, z: 1}
  m_Children: []
  m_Father: {fileID: 4121256543234969}
  m_RootOrder: 16
  m_LocalEulerAnglesHint: {x: 0, y: 0, z: 0}
--- !u!1 &1286020545417073
GameObject:
  m_ObjectHideFlags: 0
  m_CorrespondingSourceObject: {fileID: 0}
  m_PrefabInstance: {fileID: 0}
  m_PrefabAsset: {fileID: 0}
  serializedVersion: 6
  m_Component:
  - component: {fileID: 4034783505340891}
  m_Layer: 10
  m_Name: Bip001 L Finger0
  m_TagString: Untagged
  m_Icon: {fileID: 0}
  m_NavMeshLayer: 0
  m_StaticEditorFlags: 0
  m_IsActive: 1
--- !u!4 &4034783505340891
Transform:
  m_ObjectHideFlags: 0
  m_CorrespondingSourceObject: {fileID: 0}
  m_PrefabInstance: {fileID: 0}
  m_PrefabAsset: {fileID: 0}
  m_GameObject: {fileID: 1286020545417073}
  m_LocalRotation: {x: 0.2769588, y: -0.5803896, z: -0.2179682, w: 0.7341196}
  m_LocalPosition: {x: -0.5128053, y: -0.003119588, z: -0.1774611}
  m_LocalScale: {x: 1, y: 0.9999999, z: 1}
  m_Children:
  - {fileID: 4644602591953754}
  m_Father: {fileID: 4072164984020210}
  m_RootOrder: 0
  m_LocalEulerAnglesHint: {x: 75.31412, y: 47.0051, z: 70.17509}
--- !u!1 &1288219133063143
GameObject:
  m_ObjectHideFlags: 0
  m_CorrespondingSourceObject: {fileID: 0}
  m_PrefabInstance: {fileID: 0}
  m_PrefabAsset: {fileID: 0}
  serializedVersion: 6
  m_Component:
  - component: {fileID: 4903859530365349}
  m_Layer: 10
  m_Name: Bone024
  m_TagString: Untagged
  m_Icon: {fileID: 0}
  m_NavMeshLayer: 0
  m_StaticEditorFlags: 0
  m_IsActive: 1
--- !u!4 &4903859530365349
Transform:
  m_ObjectHideFlags: 0
  m_CorrespondingSourceObject: {fileID: 0}
  m_PrefabInstance: {fileID: 0}
  m_PrefabAsset: {fileID: 0}
  m_GameObject: {fileID: 1288219133063143}
  m_LocalRotation: {x: -0.6219378, y: 0.7830667, z: -0.0000000765136, w: 0.0000009741731}
  m_LocalPosition: {x: -0.004310377, y: -0.04318292, z: 0.0000001192093}
  m_LocalScale: {x: 1, y: 1, z: 1}
  m_Children: []
  m_Father: {fileID: 4294383659489644}
  m_RootOrder: 3
  m_LocalEulerAnglesHint: {x: -179.9999, y: -0.00008196227, z: 103.0844}
--- !u!1 &1318596571104756
GameObject:
  m_ObjectHideFlags: 0
  m_CorrespondingSourceObject: {fileID: 0}
  m_PrefabInstance: {fileID: 0}
  m_PrefabAsset: {fileID: 0}
  serializedVersion: 6
  m_Component:
  - component: {fileID: 4702214851659925}
  m_Layer: 10
  m_Name: Bip001 L Forearm
  m_TagString: Untagged
  m_Icon: {fileID: 0}
  m_NavMeshLayer: 0
  m_StaticEditorFlags: 0
  m_IsActive: 1
--- !u!4 &4702214851659925
Transform:
  m_ObjectHideFlags: 0
  m_CorrespondingSourceObject: {fileID: 0}
  m_PrefabInstance: {fileID: 0}
  m_PrefabAsset: {fileID: 0}
  m_GameObject: {fileID: 1318596571104756}
  m_LocalRotation: {x: -0.000000003475705, y: -0.00000003025917, z: 0.09339032, w: 0.9956296}
  m_LocalPosition: {x: -0.2975875, y: 0.00000002980232, z: 0.0000002384186}
  m_LocalScale: {x: 1, y: 1, z: 1}
  m_Children:
  - {fileID: 4072164984020210}
  m_Father: {fileID: 4969122674361583}
  m_RootOrder: 0
  m_LocalEulerAnglesHint: {x: -0.0000007203716, y: 0.000003415095, z: -10.71736}
--- !u!1 &1327931202065959
GameObject:
  m_ObjectHideFlags: 0
  m_CorrespondingSourceObject: {fileID: 0}
  m_PrefabInstance: {fileID: 0}
  m_PrefabAsset: {fileID: 0}
  serializedVersion: 6
  m_Component:
  - component: {fileID: 4651653887858717}
  m_Layer: 10
  m_Name: Bone019
  m_TagString: Untagged
  m_Icon: {fileID: 0}
  m_NavMeshLayer: 0
  m_StaticEditorFlags: 0
  m_IsActive: 1
--- !u!4 &4651653887858717
Transform:
  m_ObjectHideFlags: 0
  m_CorrespondingSourceObject: {fileID: 0}
  m_PrefabInstance: {fileID: 0}
  m_PrefabAsset: {fileID: 0}
  m_GameObject: {fileID: 1327931202065959}
  m_LocalRotation: {x: 0.9112741, y: 0.4118002, z: 0.0000002334354, w: 0.0000006251263}
  m_LocalPosition: {x: -1.012, y: 2.189792, z: -0.9766068}
  m_LocalScale: {x: 1, y: 1, z: 1}
  m_Children: []
  m_Father: {fileID: 4121256543234969}
  m_RootOrder: 4
  m_LocalEulerAnglesHint: {x: 179.9999, y: -0.000005122641, z: -48.63594}
--- !u!1 &1331302929985845
GameObject:
  m_ObjectHideFlags: 0
  m_CorrespondingSourceObject: {fileID: 0}
  m_PrefabInstance: {fileID: 0}
  m_PrefabAsset: {fileID: 0}
  serializedVersion: 6
  m_Component:
  - component: {fileID: 4032010725152783}
  m_Layer: 10
  m_Name: Bone004
  m_TagString: Untagged
  m_Icon: {fileID: 0}
  m_NavMeshLayer: 0
  m_StaticEditorFlags: 0
  m_IsActive: 1
--- !u!4 &4032010725152783
Transform:
  m_ObjectHideFlags: 0
  m_CorrespondingSourceObject: {fileID: 0}
  m_PrefabInstance: {fileID: 0}
  m_PrefabAsset: {fileID: 0}
  m_GameObject: {fileID: 1331302929985845}
  m_LocalRotation: {x: 0.000002610654, y: 0.0000006089231, z: 0.1396351, w: 0.9902031}
  m_LocalPosition: {x: -0.1930487, y: -0.0000004768372, z: -0.0000002682209}
  m_LocalScale: {x: 1, y: 1, z: 1}
  m_Children: []
  m_Father: {fileID: 4213688573370137}
  m_RootOrder: 0
  m_LocalEulerAnglesHint: {x: 0.0003059714, y: -0.00002732076, z: -16.05346}
--- !u!1 &1352962765886011
GameObject:
  m_ObjectHideFlags: 0
  m_CorrespondingSourceObject: {fileID: 0}
  m_PrefabInstance: {fileID: 0}
  m_PrefabAsset: {fileID: 0}
  serializedVersion: 6
  m_Component:
  - component: {fileID: 4265704356025858}
  m_Layer: 10
  m_Name: Bip001 L Finger11
  m_TagString: Untagged
  m_Icon: {fileID: 0}
  m_NavMeshLayer: 0
  m_StaticEditorFlags: 0
  m_IsActive: 1
--- !u!4 &4265704356025858
Transform:
  m_ObjectHideFlags: 0
  m_CorrespondingSourceObject: {fileID: 0}
  m_PrefabInstance: {fileID: 0}
  m_PrefabAsset: {fileID: 0}
  m_GameObject: {fileID: 1352962765886011}
  m_LocalRotation: {x: 0.000000003688793, y: -5.201832e-10, z: -0.1396356, w: 0.990203}
  m_LocalPosition: {x: -0.1930488, y: -0.00000005960464, z: 0.00000001490116}
  m_LocalScale: {x: 0.9999999, y: 1, z: 1}
  m_Children:
  - {fileID: 4681471346206922}
  m_Father: {fileID: 4505978907793909}
  m_RootOrder: 0
  m_LocalEulerAnglesHint: {x: 0.0000004268868, y: 0, z: 16.05352}
--- !u!1 &1364258605091325
GameObject:
  m_ObjectHideFlags: 0
  m_CorrespondingSourceObject: {fileID: 0}
  m_PrefabInstance: {fileID: 0}
  m_PrefabAsset: {fileID: 0}
  serializedVersion: 6
  m_Component:
  - component: {fileID: 4270355269809559}
  m_Layer: 10
  m_Name: Bone017
  m_TagString: Untagged
  m_Icon: {fileID: 0}
  m_NavMeshLayer: 0
  m_StaticEditorFlags: 0
  m_IsActive: 1
--- !u!4 &4270355269809559
Transform:
  m_ObjectHideFlags: 0
  m_CorrespondingSourceObject: {fileID: 0}
  m_PrefabInstance: {fileID: 0}
  m_PrefabAsset: {fileID: 0}
  m_GameObject: {fileID: 1364258605091325}
  m_LocalRotation: {x: -0.4610846, y: 0.8873562, z: -0.0000004679989, w: 0.0000005433029}
  m_LocalPosition: {x: 1.012005, y: 2.189793, z: -0.976607}
  m_LocalScale: {x: 1, y: 1, z: 0.9999999}
  m_Children: []
  m_Father: {fileID: 4121256543234969}
  m_RootOrder: 3
  m_LocalEulerAnglesHint: {x: -179.9999, y: -0.00003051757, z: 125.0858}
--- !u!1 &1380961037259930
GameObject:
  m_ObjectHideFlags: 0
  m_CorrespondingSourceObject: {fileID: 0}
  m_PrefabInstance: {fileID: 0}
  m_PrefabAsset: {fileID: 0}
  serializedVersion: 6
  m_Component:
  - component: {fileID: 4142290685238946}
  m_Layer: 10
  m_Name: Bone007
  m_TagString: Untagged
  m_Icon: {fileID: 0}
  m_NavMeshLayer: 0
  m_StaticEditorFlags: 0
  m_IsActive: 1
--- !u!4 &4142290685238946
Transform:
  m_ObjectHideFlags: 0
  m_CorrespondingSourceObject: {fileID: 0}
  m_PrefabInstance: {fileID: 0}
  m_PrefabAsset: {fileID: 0}
  m_GameObject: {fileID: 1380961037259930}
  m_LocalRotation: {x: 0.3172931, y: -0.5643176, z: -0.2190559, w: 0.7299899}
  m_LocalPosition: {x: -0.09890676, y: 0.01441906, z: -0.1978256}
  m_LocalScale: {x: 1, y: 1, z: 1}
  m_Children:
  - {fileID: 4094339172446945}
  m_Father: {fileID: 4502156424527858}
  m_RootOrder: 2
  m_LocalEulerAnglesHint: {x: 77.17505, y: 43.22636, z: 68.49426}
--- !u!1 &1414899931928710
GameObject:
  m_ObjectHideFlags: 0
  m_CorrespondingSourceObject: {fileID: 0}
  m_PrefabInstance: {fileID: 0}
  m_PrefabAsset: {fileID: 0}
  serializedVersion: 6
  m_Component:
  - component: {fileID: 4294383659489644}
  m_Layer: 10
  m_Name: Bip001 Spine
  m_TagString: Untagged
  m_Icon: {fileID: 0}
  m_NavMeshLayer: 0
  m_StaticEditorFlags: 0
  m_IsActive: 1
--- !u!4 &4294383659489644
Transform:
  m_ObjectHideFlags: 0
  m_CorrespondingSourceObject: {fileID: 0}
  m_PrefabInstance: {fileID: 0}
  m_PrefabAsset: {fileID: 0}
  m_GameObject: {fileID: 1414899931928710}
  m_LocalRotation: {x: -0.000001889658, y: 0.000001693481, z: -0.07885609, w: 0.996886}
  m_LocalPosition: {x: -0.04687333, y: -0.007148087, z: 0.0000001241096}
  m_LocalScale: {x: 1, y: 1, z: 1}
  m_Children:
  - {fileID: 4222298555276715}
  - {fileID: 4075011361260467}
  - {fileID: 4570461092770065}
  - {fileID: 4903859530365349}
  m_Father: {fileID: 4470019378006677}
  m_RootOrder: 0
  m_LocalEulerAnglesHint: {x: -0.0002311673, y: -0.000176379, z: 9.045633}
--- !u!1 &1429580968224559
GameObject:
  m_ObjectHideFlags: 0
  m_CorrespondingSourceObject: {fileID: 0}
  m_PrefabInstance: {fileID: 0}
  m_PrefabAsset: {fileID: 0}
  serializedVersion: 6
  m_Component:
  - component: {fileID: 4784035867516957}
  m_Layer: 10
  m_Name: UltraBeHit
  m_TagString: Untagged
  m_Icon: {fileID: 0}
  m_NavMeshLayer: 0
  m_StaticEditorFlags: 0
  m_IsActive: 1
--- !u!4 &4784035867516957
Transform:
  m_ObjectHideFlags: 0
  m_CorrespondingSourceObject: {fileID: 0}
  m_PrefabInstance: {fileID: 0}
  m_PrefabAsset: {fileID: 0}
  m_GameObject: {fileID: 1429580968224559}
  m_LocalRotation: {x: 0.00000006657903, y: 0, z: 0, w: 1}
  m_LocalPosition: {x: 1.531341, y: 4.198202, z: 54.89486}
  m_LocalScale: {x: 1, y: 1, z: 1}
  m_Children: []
  m_Father: {fileID: 4121256543234969}
  m_RootOrder: 11
  m_LocalEulerAnglesHint: {x: 0.000007629395, y: 0, z: 0}
--- !u!1 &1452041813605516
GameObject:
  m_ObjectHideFlags: 0
  m_CorrespondingSourceObject: {fileID: 0}
  m_PrefabInstance: {fileID: 0}
  m_PrefabAsset: {fileID: 0}
  serializedVersion: 6
  m_Component:
  - component: {fileID: 4715247283830425}
  m_Layer: 10
  m_Name: Bip001 R UpperArm
  m_TagString: Untagged
  m_Icon: {fileID: 0}
  m_NavMeshLayer: 0
  m_StaticEditorFlags: 0
  m_IsActive: 1
--- !u!4 &4715247283830425
Transform:
  m_ObjectHideFlags: 0
  m_CorrespondingSourceObject: {fileID: 0}
  m_PrefabInstance: {fileID: 0}
  m_PrefabAsset: {fileID: 0}
  m_GameObject: {fileID: 1452041813605516}
  m_LocalRotation: {x: 0.08446461, y: 0.6012751, z: -0.01514434, w: 0.794421}
  m_LocalPosition: {x: -0.445473, y: 0, z: 0}
  m_LocalScale: {x: 1, y: 1, z: 1}
  m_Children:
  - {fileID: 4482937669022088}
  m_Father: {fileID: 4145532674439737}
  m_RootOrder: 0
  m_LocalEulerAnglesHint: {x: 23.82532, y: -73.31334, z: -15.66092}
--- !u!1 &1452149762521191
GameObject:
  m_ObjectHideFlags: 0
  m_CorrespondingSourceObject: {fileID: 0}
  m_PrefabInstance: {fileID: 0}
  m_PrefabAsset: {fileID: 0}
  serializedVersion: 6
  m_Component:
  - component: {fileID: 4287053340679897}
  m_Layer: 10
  m_Name: Bone002
  m_TagString: Untagged
  m_Icon: {fileID: 0}
  m_NavMeshLayer: 0
  m_StaticEditorFlags: 0
  m_IsActive: 1
--- !u!4 &4287053340679897
Transform:
  m_ObjectHideFlags: 0
  m_CorrespondingSourceObject: {fileID: 0}
  m_PrefabInstance: {fileID: 0}
  m_PrefabAsset: {fileID: 0}
  m_GameObject: {fileID: 1452149762521191}
  m_LocalRotation: {x: -0.000002294245, y: 0.0000008050817, z: -0.1396351, w: 0.990203}
  m_LocalPosition: {x: -0.1930487, y: 0.0000003576279, z: -0.0000003352761}
  m_LocalScale: {x: 1, y: 1, z: 1}
  m_Children: []
  m_Father: {fileID: 4906605309694324}
  m_RootOrder: 0
  m_LocalEulerAnglesHint: {x: -0.0002732076, y: -0.00005464151, z: 16.05347}
--- !u!1 &1493076696335274
GameObject:
  m_ObjectHideFlags: 0
  m_CorrespondingSourceObject: {fileID: 0}
  m_PrefabInstance: {fileID: 0}
  m_PrefabAsset: {fileID: 0}
  serializedVersion: 6
  m_Component:
  - component: {fileID: 4718151524528506}
  m_Layer: 10
  m_Name: Bip001 L Finger2
  m_TagString: Untagged
  m_Icon: {fileID: 0}
  m_NavMeshLayer: 0
  m_StaticEditorFlags: 0
  m_IsActive: 1
--- !u!4 &4718151524528506
Transform:
  m_ObjectHideFlags: 0
  m_CorrespondingSourceObject: {fileID: 0}
  m_PrefabInstance: {fileID: 0}
  m_PrefabAsset: {fileID: 0}
  m_GameObject: {fileID: 1493076696335274}
  m_LocalRotation: {x: -0.08581775, y: -0.03541102, z: -0.3276761, w: 0.940218}
  m_LocalPosition: {x: -0.7375036, y: 0.03436649, z: 0.1114373}
  m_LocalScale: {x: 1, y: 1, z: 1}
  m_Children:
  - {fileID: 4285066890900284}
  m_Father: {fileID: 4072164984020210}
  m_RootOrder: 2
  m_LocalEulerAnglesHint: {x: -8.002847, y: 7.0554, z: 37.93383}
--- !u!1 &1499995798033847
GameObject:
  m_ObjectHideFlags: 0
  m_CorrespondingSourceObject: {fileID: 0}
  m_PrefabInstance: {fileID: 0}
  m_PrefabAsset: {fileID: 0}
  serializedVersion: 6
  m_Component:
  - component: {fileID: 4120063752390486}
  m_Layer: 10
  m_Name: Bip001 R Toe0Nub
  m_TagString: Untagged
  m_Icon: {fileID: 0}
  m_NavMeshLayer: 0
  m_StaticEditorFlags: 0
  m_IsActive: 1
--- !u!4 &4120063752390486
Transform:
  m_ObjectHideFlags: 0
  m_CorrespondingSourceObject: {fileID: 0}
  m_PrefabInstance: {fileID: 0}
  m_PrefabAsset: {fileID: 0}
  m_GameObject: {fileID: 1499995798033847}
  m_LocalRotation: {x: 0, y: 0.00000001490116, z: 0, w: 1}
  m_LocalPosition: {x: -0.02099526, y: 4.656613e-10, z: 0.00000005960464}
  m_LocalScale: {x: 1, y: 1, z: 1}
  m_Children: []
  m_Father: {fileID: 4752011576432243}
  m_RootOrder: 0
  m_LocalEulerAnglesHint: {x: 0, y: -0.000001707547, z: 0}
--- !u!1 &1517772411195720
GameObject:
  m_ObjectHideFlags: 0
  m_CorrespondingSourceObject: {fileID: 0}
  m_PrefabInstance: {fileID: 0}
  m_PrefabAsset: {fileID: 0}
  serializedVersion: 6
  m_Component:
  - component: {fileID: 4820863522896966}
  m_Layer: 10
  m_Name: Bip001 L Toe0
  m_TagString: Untagged
  m_Icon: {fileID: 0}
  m_NavMeshLayer: 0
  m_StaticEditorFlags: 0
  m_IsActive: 1
--- !u!4 &4820863522896966
Transform:
  m_ObjectHideFlags: 0
  m_CorrespondingSourceObject: {fileID: 0}
  m_PrefabInstance: {fileID: 0}
  m_PrefabAsset: {fileID: 0}
  m_GameObject: {fileID: 1517772411195720}
  m_LocalRotation: {x: -0.00000002599102, y: 0.000000004917599, z: -0.7071068, w: 0.7071068}
  m_LocalPosition: {x: -0.6930113, y: 0.6946311, z: -0.00000005960464}
  m_LocalScale: {x: 1, y: 0.9999999, z: 1}
  m_Children:
  - {fileID: 4234202249679320}
  m_Father: {fileID: 4877134623715859}
  m_RootOrder: 0
  m_LocalEulerAnglesHint: {x: -0.000002504478, y: 0.000001707547, z: 90}
--- !u!1 &1535939587590814
GameObject:
  m_ObjectHideFlags: 0
  m_CorrespondingSourceObject: {fileID: 0}
  m_PrefabInstance: {fileID: 0}
  m_PrefabAsset: {fileID: 0}
  serializedVersion: 6
  m_Component:
  - component: {fileID: 4894113826024766}
  m_Layer: 10
  m_Name: Bone015
  m_TagString: Untagged
  m_Icon: {fileID: 0}
  m_NavMeshLayer: 0
  m_StaticEditorFlags: 0
  m_IsActive: 1
--- !u!4 &4894113826024766
Transform:
  m_ObjectHideFlags: 0
  m_CorrespondingSourceObject: {fileID: 0}
  m_PrefabInstance: {fileID: 0}
  m_PrefabAsset: {fileID: 0}
  m_GameObject: {fileID: 1535939587590814}
  m_LocalRotation: {x: 0.000000148276, y: -0.0000001230859, z: -0.1654488, w: 0.9862184}
  m_LocalPosition: {x: -0.6412228, y: 2.315741, z: -0.1871569}
  m_LocalScale: {x: 1, y: 1, z: 1}
  m_Children:
  - {fileID: 4359871857050496}
  m_Father: {fileID: 4121256543234969}
  m_RootOrder: 2
  m_LocalEulerAnglesHint: {x: 0.0000190906, y: 0.00001109906, z: 19.04661}
--- !u!1 &1540794615713408
GameObject:
  m_ObjectHideFlags: 0
  m_CorrespondingSourceObject: {fileID: 0}
  m_PrefabInstance: {fileID: 0}
  m_PrefabAsset: {fileID: 0}
  serializedVersion: 6
  m_Component:
  - component: {fileID: 4075011361260467}
  m_Layer: 10
  m_Name: Bip001 Neck
  m_TagString: Untagged
  m_Icon: {fileID: 0}
  m_NavMeshLayer: 0
  m_StaticEditorFlags: 0
  m_IsActive: 1
--- !u!4 &4075011361260467
Transform:
  m_ObjectHideFlags: 0
  m_CorrespondingSourceObject: {fileID: 0}
  m_PrefabInstance: {fileID: 0}
  m_PrefabAsset: {fileID: 0}
  m_GameObject: {fileID: 1540794615713408}
  m_LocalRotation: {x: 5.684342e-14, y: -8.470329e-22, z: -0.00000001490116, w: 1}
  m_LocalPosition: {x: -0.7290366, y: -0.1621354, z: -5.327365e-10}
  m_LocalScale: {x: 1, y: 1, z: 0.9999999}
  m_Children:
  - {fileID: 4844854914082321}
  - {fileID: 4878560655504044}
  - {fileID: 4145532674439737}
  m_Father: {fileID: 4294383659489644}
  m_RootOrder: 1
  m_LocalEulerAnglesHint: {x: 6.513776e-12, y: 0, z: 0.000001707547}
--- !u!1 &1546489341889841
GameObject:
  m_ObjectHideFlags: 0
  m_CorrespondingSourceObject: {fileID: 0}
  m_PrefabInstance: {fileID: 0}
  m_PrefabAsset: {fileID: 0}
  serializedVersion: 6
  m_Component:
  - component: {fileID: 4949409791704451}
  m_Layer: 10
  m_Name: Bip001 R Finger0Nub
  m_TagString: Untagged
  m_Icon: {fileID: 0}
  m_NavMeshLayer: 0
  m_StaticEditorFlags: 0
  m_IsActive: 1
--- !u!4 &4949409791704451
Transform:
  m_ObjectHideFlags: 0
  m_CorrespondingSourceObject: {fileID: 0}
  m_PrefabInstance: {fileID: 0}
  m_PrefabAsset: {fileID: 0}
  m_GameObject: {fileID: 1546489341889841}
  m_LocalRotation: {x: 0, y: 0, z: 1, w: 6.123234e-17}
  m_LocalPosition: {x: -0.2150264, y: 0, z: -0.00000005960464}
  m_LocalScale: {x: -1, y: -1, z: -1}
  m_Children: []
  m_Father: {fileID: 4053712867877641}
  m_RootOrder: 0
  m_LocalEulerAnglesHint: {x: 0, y: 0, z: -180}
--- !u!1 &1549757480839482
GameObject:
  m_ObjectHideFlags: 0
  m_CorrespondingSourceObject: {fileID: 0}
  m_PrefabInstance: {fileID: 0}
  m_PrefabAsset: {fileID: 0}
  serializedVersion: 6
  m_Component:
  - component: {fileID: 4762196253404181}
  m_Layer: 10
  m_Name: Bip001 R Finger1
  m_TagString: Untagged
  m_Icon: {fileID: 0}
  m_NavMeshLayer: 0
  m_StaticEditorFlags: 0
  m_IsActive: 1
--- !u!4 &4762196253404181
Transform:
  m_ObjectHideFlags: 0
  m_CorrespondingSourceObject: {fileID: 0}
  m_PrefabInstance: {fileID: 0}
  m_PrefabAsset: {fileID: 0}
  m_GameObject: {fileID: 1549757480839482}
  m_LocalRotation: {x: 0.007823818, y: 0.06069636, z: -0.2583121, w: 0.9641212}
  m_LocalPosition: {x: -0.7352459, y: 0.0180496, z: 0.09240775}
  m_LocalScale: {x: 1, y: 1, z: 1}
  m_Children:
  - {fileID: 4850697915152487}
  m_Father: {fileID: 4021423367349102}
  m_RootOrder: 1
  m_LocalEulerAnglesHint: {x: -0.9392109, y: -6.954393, z: 30.05448}
--- !u!1 &1550177988804151
GameObject:
  m_ObjectHideFlags: 0
  m_CorrespondingSourceObject: {fileID: 0}
  m_PrefabInstance: {fileID: 0}
  m_PrefabAsset: {fileID: 0}
  serializedVersion: 6
  m_Component:
  - component: {fileID: 4844854914082321}
  m_Layer: 10
  m_Name: Bip001 Head
  m_TagString: Untagged
  m_Icon: {fileID: 0}
  m_NavMeshLayer: 0
  m_StaticEditorFlags: 0
  m_IsActive: 1
--- !u!4 &4844854914082321
Transform:
  m_ObjectHideFlags: 0
  m_CorrespondingSourceObject: {fileID: 0}
  m_PrefabInstance: {fileID: 0}
  m_PrefabAsset: {fileID: 0}
  m_GameObject: {fileID: 1550177988804151}
  m_LocalRotation: {x: 0.00000004724991, y: -0.00000009521765, z: -0.09544873, w: 0.9954343}
  m_LocalPosition: {x: -0.2412448, y: 0.00000005960464, z: 0}
  m_LocalScale: {x: 1, y: 1, z: 0.9999999}
  m_Children:
  - {fileID: 4854491019784734}
  - {fileID: 4410670149738705}
  m_Father: {fileID: 4075011361260467}
  m_RootOrder: 0
  m_LocalEulerAnglesHint: {x: 0.000006431175, y: 0.00001034452, z: 10.9543}
--- !u!1 &1560976252127433
GameObject:
  m_ObjectHideFlags: 0
  m_CorrespondingSourceObject: {fileID: 0}
  m_PrefabInstance: {fileID: 0}
  m_PrefabAsset: {fileID: 0}
  serializedVersion: 6
  m_Component:
  - component: {fileID: 4771158669731333}
  m_Layer: 10
  m_Name: Bone008
  m_TagString: Untagged
  m_Icon: {fileID: 0}
  m_NavMeshLayer: 0
  m_StaticEditorFlags: 0
  m_IsActive: 1
--- !u!4 &4771158669731333
Transform:
  m_ObjectHideFlags: 0
  m_CorrespondingSourceObject: {fileID: 0}
  m_PrefabInstance: {fileID: 0}
  m_PrefabAsset: {fileID: 0}
  m_GameObject: {fileID: 1560976252127433}
  m_LocalRotation: {x: 0.05230777, y: -0.02533225, z: 0.303924, w: 0.9509219}
  m_LocalPosition: {x: -0.324199, y: -0.01987845, z: 0.09298414}
  m_LocalScale: {x: 0.9999999, y: 0.9999998, z: 1}
  m_Children:
  - {fileID: 4899342871995980}
  m_Father: {fileID: 4789664198833270}
  m_RootOrder: 0
  m_LocalEulerAnglesHint: {x: 4.838833, y: 4.587022, z: -35.25486}
--- !u!1 &1561688664152625
GameObject:
  m_ObjectHideFlags: 0
  m_CorrespondingSourceObject: {fileID: 0}
  m_PrefabInstance: {fileID: 0}
  m_PrefabAsset: {fileID: 0}
  serializedVersion: 6
  m_Component:
  - component: {fileID: 4969122674361583}
  m_Layer: 10
  m_Name: Bip001 L UpperArm
  m_TagString: Untagged
  m_Icon: {fileID: 0}
  m_NavMeshLayer: 0
  m_StaticEditorFlags: 0
  m_IsActive: 1
--- !u!4 &4969122674361583
Transform:
  m_ObjectHideFlags: 0
  m_CorrespondingSourceObject: {fileID: 0}
  m_PrefabInstance: {fileID: 0}
  m_PrefabAsset: {fileID: 0}
  m_GameObject: {fileID: 1561688664152625}
  m_LocalRotation: {x: -0.08446463, y: -0.6012746, z: -0.01514437, w: 0.7944214}
  m_LocalPosition: {x: -0.4454728, y: -0.0000001192093, z: -0.0000001192093}
  m_LocalScale: {x: 1, y: 1, z: 1}
  m_Children:
  - {fileID: 4702214851659925}
  m_Father: {fileID: 4878560655504044}
  m_RootOrder: 0
  m_LocalEulerAnglesHint: {x: -23.82524, y: 73.31327, z: -15.66083}
--- !u!1 &1573209248248313
GameObject:
  m_ObjectHideFlags: 0
  m_CorrespondingSourceObject: {fileID: 0}
  m_PrefabInstance: {fileID: 0}
  m_PrefabAsset: {fileID: 0}
  serializedVersion: 6
  m_Component:
  - component: {fileID: 4573116642044550}
  m_Layer: 10
  m_Name: Hp_show
  m_TagString: Untagged
  m_Icon: {fileID: 0}
  m_NavMeshLayer: 0
  m_StaticEditorFlags: 0
  m_IsActive: 1
--- !u!4 &4573116642044550
Transform:
  m_ObjectHideFlags: 0
  m_CorrespondingSourceObject: {fileID: 0}
  m_PrefabInstance: {fileID: 0}
  m_PrefabAsset: {fileID: 0}
  m_GameObject: {fileID: 1573209248248313}
  m_LocalRotation: {x: 0, y: 0, z: 0, w: 1}
  m_LocalPosition: {x: 0.1, y: 3.2, z: -0.07}
  m_LocalScale: {x: 1, y: 1, z: 1}
  m_Children: []
  m_Father: {fileID: 4121256543234969}
  m_RootOrder: 15
  m_LocalEulerAnglesHint: {x: 0, y: 0, z: 0}
--- !u!1 &1579526766911516
GameObject:
  m_ObjectHideFlags: 0
  m_CorrespondingSourceObject: {fileID: 0}
  m_PrefabInstance: {fileID: 0}
  m_PrefabAsset: {fileID: 0}
  serializedVersion: 6
  m_Component:
  - component: {fileID: 4069578094808325}
  m_Layer: 10
  m_Name: Bip001 L Finger0Nub
  m_TagString: Untagged
  m_Icon: {fileID: 0}
  m_NavMeshLayer: 0
  m_StaticEditorFlags: 0
  m_IsActive: 1
--- !u!4 &4069578094808325
Transform:
  m_ObjectHideFlags: 0
  m_CorrespondingSourceObject: {fileID: 0}
  m_PrefabInstance: {fileID: 0}
  m_PrefabAsset: {fileID: 0}
  m_GameObject: {fileID: 1579526766911516}
  m_LocalRotation: {x: 0, y: 0, z: 0.00000001117587, w: 1}
  m_LocalPosition: {x: -0.2150264, y: 0, z: -0.00000005960464}
  m_LocalScale: {x: 1, y: 1, z: 1}
  m_Children: []
  m_Father: {fileID: 4644602591953754}
  m_RootOrder: 0
  m_LocalEulerAnglesHint: {x: 0, y: 0, z: -0.00000128066}
--- !u!1 &1606504742212478
GameObject:
  m_ObjectHideFlags: 0
  m_CorrespondingSourceObject: {fileID: 0}
  m_PrefabInstance: {fileID: 0}
  m_PrefabAsset: {fileID: 0}
  serializedVersion: 6
  m_Component:
  - component: {fileID: 4660262697368221}
  m_Layer: 10
  m_Name: LeftFoot
  m_TagString: Untagged
  m_Icon: {fileID: 0}
  m_NavMeshLayer: 0
  m_StaticEditorFlags: 0
  m_IsActive: 1
--- !u!4 &4660262697368221
Transform:
  m_ObjectHideFlags: 0
  m_CorrespondingSourceObject: {fileID: 0}
  m_PrefabInstance: {fileID: 0}
  m_PrefabAsset: {fileID: 0}
  m_GameObject: {fileID: 1606504742212478}
  m_LocalRotation: {x: 0.00000005960464, y: -0.00000002042058, z: 1.217161e-15, w: 1}
  m_LocalPosition: {x: -0.2863675, y: 0.2440424, z: 0.001698107}
  m_LocalScale: {x: 0.9999999, y: 1, z: 1}
  m_Children: []
  m_Father: {fileID: 4877134623715859}
  m_RootOrder: 1
  m_LocalEulerAnglesHint: {x: 0.000006830189, y: 0.000002340026, z: 0}
--- !u!1 &1634339069724124
GameObject:
  m_ObjectHideFlags: 0
  m_CorrespondingSourceObject: {fileID: 0}
  m_PrefabInstance: {fileID: 0}
  m_PrefabAsset: {fileID: 0}
  serializedVersion: 6
  m_Component:
  - component: {fileID: 4991237143487340}
  m_Layer: 10
  m_Name: LeftWeapon
  m_TagString: Untagged
  m_Icon: {fileID: 0}
  m_NavMeshLayer: 0
  m_StaticEditorFlags: 0
  m_IsActive: 1
--- !u!4 &4991237143487340
Transform:
  m_ObjectHideFlags: 0
  m_CorrespondingSourceObject: {fileID: 0}
  m_PrefabInstance: {fileID: 0}
  m_PrefabAsset: {fileID: 0}
  m_GameObject: {fileID: 1634339069724124}
  m_LocalRotation: {x: 0.0000006657903, y: -6.12323e-17, z: 6.123238e-17, w: 1}
  m_LocalPosition: {x: -0.6276927, y: -0.002281133, z: 0.02074539}
  m_LocalScale: {x: 1, y: 0.9999999, z: 1}
  m_Children: []
  m_Father: {fileID: 4072164984020210}
  m_RootOrder: 4
  m_LocalEulerAnglesHint: {x: 0.00007629395, y: 7.016709e-15, z: -7.01671e-15}
--- !u!1 &1634624536518613
GameObject:
  m_ObjectHideFlags: 0
  m_CorrespondingSourceObject: {fileID: 0}
  m_PrefabInstance: {fileID: 0}
  m_PrefabAsset: {fileID: 0}
  serializedVersion: 6
  m_Component:
  - component: {fileID: 4878560655504044}
  m_Layer: 10
  m_Name: Bip001 L Clavicle
  m_TagString: Untagged
  m_Icon: {fileID: 0}
  m_NavMeshLayer: 0
  m_StaticEditorFlags: 0
  m_IsActive: 1
--- !u!4 &4878560655504044
Transform:
  m_ObjectHideFlags: 0
  m_CorrespondingSourceObject: {fileID: 0}
  m_PrefabInstance: {fileID: 0}
  m_PrefabAsset: {fileID: 0}
  m_GameObject: {fileID: 1634624536518613}
  m_LocalRotation: {x: 0.8035876, y: -0.01524989, z: -0.5946105, w: 0.02127817}
  m_LocalPosition: {x: 0.1976448, y: -0.09249848, z: 0.5497758}
  m_LocalScale: {x: 0.9999999, y: 0.9999999, z: 0.9999999}
  m_Children:
  - {fileID: 4969122674361583}
  m_Father: {fileID: 4075011361260467}
  m_RootOrder: 1
  m_LocalEulerAnglesHint: {x: 169.8382, y: -72.74504, z: 9.667797}
--- !u!1 &1639534020093101
GameObject:
  m_ObjectHideFlags: 0
  m_CorrespondingSourceObject: {fileID: 0}
  m_PrefabInstance: {fileID: 0}
  m_PrefabAsset: {fileID: 0}
  serializedVersion: 6
  m_Component:
  - component: {fileID: 4410670149738705}
  m_Layer: 10
  m_Name: Head
  m_TagString: Untagged
  m_Icon: {fileID: 0}
  m_NavMeshLayer: 0
  m_StaticEditorFlags: 0
  m_IsActive: 1
--- !u!4 &4410670149738705
Transform:
  m_ObjectHideFlags: 0
  m_CorrespondingSourceObject: {fileID: 0}
  m_PrefabInstance: {fileID: 0}
  m_PrefabAsset: {fileID: 0}
  m_GameObject: {fileID: 1639534020093101}
  m_LocalRotation: {x: 0.5222119, y: -0.4767545, z: -0.522211, w: -0.4767553}
  m_LocalPosition: {x: -1.345345, y: -0.1689526, z: -0.0000003671618}
  m_LocalScale: {x: 1, y: 0.9999999, z: 1}
  m_Children: []
  m_Father: {fileID: 4844854914082321}
  m_RootOrder: 1
  m_LocalEulerAnglesHint: {x: -95.21074, y: -89.9999, z: 0}
--- !u!1 &1644531110912593
GameObject:
  m_ObjectHideFlags: 0
  m_CorrespondingSourceObject: {fileID: 0}
  m_PrefabInstance: {fileID: 0}
  m_PrefabAsset: {fileID: 0}
  serializedVersion: 6
  m_Component:
  - component: {fileID: 4292741713009815}
  m_Layer: 10
  m_Name: Bip001 R Calf
  m_TagString: Untagged
  m_Icon: {fileID: 0}
  m_NavMeshLayer: 0
  m_StaticEditorFlags: 0
  m_IsActive: 1
--- !u!4 &4292741713009815
Transform:
  m_ObjectHideFlags: 0
  m_CorrespondingSourceObject: {fileID: 0}
  m_PrefabInstance: {fileID: 0}
  m_PrefabAsset: {fileID: 0}
  m_GameObject: {fileID: 1644531110912593}
  m_LocalRotation: {x: -0.000000005663852, y: 0.000000002938701, z: 0.1443099, w: 0.9895326}
  m_LocalPosition: {x: -0.3302699, y: -0.00000005960464, z: -0.00000005960464}
  m_LocalScale: {x: 1, y: 1, z: 1}
  m_Children:
  - {fileID: 4613936821929916}
  m_Father: {fileID: 4570461092770065}
  m_RootOrder: 0
  m_LocalEulerAnglesHint: {x: -0.0000005936395, y: -0.0000004268868, z: -16.59464}
--- !u!1 &1655880656877948
GameObject:
  m_ObjectHideFlags: 0
  m_CorrespondingSourceObject: {fileID: 0}
  m_PrefabInstance: {fileID: 0}
  m_PrefabAsset: {fileID: 0}
  serializedVersion: 6
  m_Component:
  - component: {fileID: 4850697915152487}
  m_Layer: 10
  m_Name: Bip001 R Finger11
  m_TagString: Untagged
  m_Icon: {fileID: 0}
  m_NavMeshLayer: 0
  m_StaticEditorFlags: 0
  m_IsActive: 1
--- !u!4 &4850697915152487
Transform:
  m_ObjectHideFlags: 0
  m_CorrespondingSourceObject: {fileID: 0}
  m_PrefabInstance: {fileID: 0}
  m_PrefabAsset: {fileID: 0}
  m_GameObject: {fileID: 1655880656877948}
  m_LocalRotation: {x: 0.000000004208977, y: 0.00000000316861, z: -0.1396356, w: 0.990203}
  m_LocalPosition: {x: -0.1930488, y: 0.0000001192093, z: 0.000000007450581}
  m_LocalScale: {x: 1, y: 1, z: 1}
  m_Children:
  - {fileID: 4511170128653656}
  m_Father: {fileID: 4762196253404181}
  m_RootOrder: 0
  m_LocalEulerAnglesHint: {x: 0.0000004268868, y: -0.0000004268868, z: 16.05352}
--- !u!1 &1669374702344216
GameObject:
  m_ObjectHideFlags: 0
  m_CorrespondingSourceObject: {fileID: 0}
  m_PrefabInstance: {fileID: 0}
  m_PrefabAsset: {fileID: 0}
  serializedVersion: 6
  m_Component:
  - component: {fileID: 4751877772556540}
  m_Layer: 10
  m_Name: Bone011
  m_TagString: Untagged
  m_Icon: {fileID: 0}
  m_NavMeshLayer: 0
  m_StaticEditorFlags: 0
  m_IsActive: 1
--- !u!4 &4751877772556540
Transform:
  m_ObjectHideFlags: 0
  m_CorrespondingSourceObject: {fileID: 0}
  m_PrefabInstance: {fileID: 0}
  m_PrefabAsset: {fileID: 0}
  m_GameObject: {fileID: 1669374702344216}
  m_LocalRotation: {x: -0.00000138416, y: 0.0000003614757, z: -0.2622634, w: 0.9649963}
  m_LocalPosition: {x: -0.1888124, y: 0.0000001788139, z: -0.00000004470348}
  m_LocalScale: {x: 1, y: 1, z: 1}
  m_Children: []
  m_Father: {fileID: 4991722625633701}
  m_RootOrder: 0
  m_LocalEulerAnglesHint: {x: -0.0001639245, y: 0.000001626266, z: 30.40882}
--- !u!1 &1672709530542835
GameObject:
  m_ObjectHideFlags: 0
  m_CorrespondingSourceObject: {fileID: 0}
  m_PrefabInstance: {fileID: 0}
  m_PrefabAsset: {fileID: 0}
  serializedVersion: 6
  m_Component:
  - component: {fileID: 4053712867877641}
  m_Layer: 10
  m_Name: Bip001 R Finger01
  m_TagString: Untagged
  m_Icon: {fileID: 0}
  m_NavMeshLayer: 0
  m_StaticEditorFlags: 0
  m_IsActive: 1
--- !u!4 &4053712867877641
Transform:
  m_ObjectHideFlags: 0
  m_CorrespondingSourceObject: {fileID: 0}
  m_PrefabInstance: {fileID: 0}
  m_PrefabAsset: {fileID: 0}
  m_GameObject: {fileID: 1672709530542835}
  m_LocalRotation: {x: 0.000000001451972, y: -0.000000008202481, z: -0.2844631, w: 0.958687}
  m_LocalPosition: {x: -0.1882607, y: 0, z: 0}
  m_LocalScale: {x: 1, y: 1, z: 1}
  m_Children:
  - {fileID: 4949409791704451}
  m_Father: {fileID: 4301398876050769}
  m_RootOrder: 0
  m_LocalEulerAnglesHint: {x: 0.0000004268867, y: 0.0000008537735, z: 33.05352}
--- !u!1 &1697616385579010
GameObject:
  m_ObjectHideFlags: 0
  m_CorrespondingSourceObject: {fileID: 0}
  m_PrefabInstance: {fileID: 0}
  m_PrefabAsset: {fileID: 0}
  serializedVersion: 6
  m_Component:
  - component: {fileID: 4021423367349102}
  m_Layer: 10
  m_Name: Bip001 R Hand
  m_TagString: Untagged
  m_Icon: {fileID: 0}
  m_NavMeshLayer: 0
  m_StaticEditorFlags: 0
  m_IsActive: 1
--- !u!4 &4021423367349102
Transform:
  m_ObjectHideFlags: 0
  m_CorrespondingSourceObject: {fileID: 0}
  m_PrefabInstance: {fileID: 0}
  m_PrefabAsset: {fileID: 0}
  m_GameObject: {fileID: 1697616385579010}
  m_LocalRotation: {x: 0.6811183, y: 0.1890412, z: -0.1888908, w: 0.6816609}
  m_LocalPosition: {x: -0.4198675, y: -0.00000002980232, z: 0}
  m_LocalScale: {x: 1, y: 1, z: 1}
  m_Children:
  - {fileID: 4301398876050769}
  - {fileID: 4762196253404181}
  - {fileID: 4680730107521042}
  - {fileID: 4789664198833270}
  - {fileID: 4887989614443171}
  m_Father: {fileID: 4482937669022088}
  m_RootOrder: 0
  m_LocalEulerAnglesHint: {x: 89.95438, y: -30.99999, z: -0.00000008468701}
--- !u!1 &1701186186238636
GameObject:
  m_ObjectHideFlags: 0
  m_CorrespondingSourceObject: {fileID: 0}
  m_PrefabInstance: {fileID: 0}
  m_PrefabAsset: {fileID: 0}
  serializedVersion: 6
  m_Component:
  - component: {fileID: 4752011576432243}
  m_Layer: 10
  m_Name: Bip001 R Toe0
  m_TagString: Untagged
  m_Icon: {fileID: 0}
  m_NavMeshLayer: 0
  m_StaticEditorFlags: 0
  m_IsActive: 1
--- !u!4 &4752011576432243
Transform:
  m_ObjectHideFlags: 0
  m_CorrespondingSourceObject: {fileID: 0}
  m_PrefabInstance: {fileID: 0}
  m_PrefabAsset: {fileID: 0}
  m_GameObject: {fileID: 1701186186238636}
  m_LocalRotation: {x: 0.00000002599102, y: -0.000000004917601, z: -0.7071068, w: 0.7071068}
  m_LocalPosition: {x: -0.6930114, y: 0.6946312, z: 0}
  m_LocalScale: {x: 1, y: 1, z: 1}
  m_Children:
  - {fileID: 4120063752390486}
  m_Father: {fileID: 4613936821929916}
  m_RootOrder: 0
  m_LocalEulerAnglesHint: {x: 0.000002504478, y: -0.000001707547, z: 90}
--- !u!1 &1710730021150708
GameObject:
  m_ObjectHideFlags: 0
  m_CorrespondingSourceObject: {fileID: 0}
  m_PrefabInstance: {fileID: 0}
  m_PrefabAsset: {fileID: 0}
  serializedVersion: 6
  m_Component:
  - component: {fileID: 4584977368401208}
  m_Layer: 10
  m_Name: Face
  m_TagString: Untagged
  m_Icon: {fileID: 0}
  m_NavMeshLayer: 0
  m_StaticEditorFlags: 0
  m_IsActive: 1
--- !u!4 &4584977368401208
Transform:
  m_ObjectHideFlags: 0
  m_CorrespondingSourceObject: {fileID: 0}
  m_PrefabInstance: {fileID: 0}
  m_PrefabAsset: {fileID: 0}
  m_GameObject: {fileID: 1710730021150708}
  m_LocalRotation: {x: 0, y: 0, z: 0, w: 1}
  m_LocalPosition: {x: 0.4, y: 0, z: 2}
  m_LocalScale: {x: 1, y: 1, z: 1}
  m_Children: []
  m_Father: {fileID: 4121256543234969}
  m_RootOrder: 13
  m_LocalEulerAnglesHint: {x: 0, y: 0, z: 0}
--- !u!1 &1727761764259644
GameObject:
  m_ObjectHideFlags: 0
  m_CorrespondingSourceObject: {fileID: 0}
  m_PrefabInstance: {fileID: 0}
  m_PrefabAsset: {fileID: 0}
  serializedVersion: 6
  m_Component:
  - component: {fileID: 4680730107521042}
  m_Layer: 10
  m_Name: Bip001 R Finger2
  m_TagString: Untagged
  m_Icon: {fileID: 0}
  m_NavMeshLayer: 0
  m_StaticEditorFlags: 0
  m_IsActive: 1
--- !u!4 &4680730107521042
Transform:
  m_ObjectHideFlags: 0
  m_CorrespondingSourceObject: {fileID: 0}
  m_PrefabInstance: {fileID: 0}
  m_PrefabAsset: {fileID: 0}
  m_GameObject: {fileID: 1727761764259644}
  m_LocalRotation: {x: 0.08581776, y: 0.03541103, z: -0.3276761, w: 0.940218}
  m_LocalPosition: {x: -0.7375036, y: 0.03436625, z: -0.1114373}
  m_LocalScale: {x: 1, y: 1, z: 1}
  m_Children:
  - {fileID: 4708948567846070}
  m_Father: {fileID: 4021423367349102}
  m_RootOrder: 2
  m_LocalEulerAnglesHint: {x: 8.002847, y: -7.055401, z: 37.93383}
--- !u!1 &1729142851779791
GameObject:
  m_ObjectHideFlags: 0
  m_CorrespondingSourceObject: {fileID: 0}
  m_PrefabInstance: {fileID: 0}
  m_PrefabAsset: {fileID: 0}
  serializedVersion: 6
  m_Component:
  - component: {fileID: 4507964162414277}
  m_Layer: 10
  m_Name: Bone016
  m_TagString: Untagged
  m_Icon: {fileID: 0}
  m_NavMeshLayer: 0
  m_StaticEditorFlags: 0
  m_IsActive: 1
--- !u!4 &4507964162414277
Transform:
  m_ObjectHideFlags: 0
  m_CorrespondingSourceObject: {fileID: 0}
  m_PrefabInstance: {fileID: 0}
  m_PrefabAsset: {fileID: 0}
  m_GameObject: {fileID: 1729142851779791}
  m_LocalRotation: {x: 0.0000002806356, y: -0.0000003895479, z: -0.3508685, w: 0.9364248}
  m_LocalPosition: {x: -0.79848, y: -0.0000001192093, z: 0.0000002384186}
  m_LocalScale: {x: 1, y: 1, z: 0.9999994}
  m_Children: []
  m_Father: {fileID: 4610194566396838}
  m_RootOrder: 0
  m_LocalEulerAnglesHint: {x: 0.00004577637, y: 0.00003051758, z: 41.08089}
--- !u!1 &1734478510367793
GameObject:
  m_ObjectHideFlags: 0
  m_CorrespondingSourceObject: {fileID: 0}
  m_PrefabInstance: {fileID: 0}
  m_PrefabAsset: {fileID: 0}
  serializedVersion: 6
  m_Component:
  - component: {fileID: 4991722625633701}
  m_Layer: 10
  m_Name: Bone005
  m_TagString: Untagged
  m_Icon: {fileID: 0}
  m_NavMeshLayer: 0
  m_StaticEditorFlags: 0
  m_IsActive: 1
--- !u!4 &4991722625633701
Transform:
  m_ObjectHideFlags: 0
  m_CorrespondingSourceObject: {fileID: 0}
  m_PrefabInstance: {fileID: 0}
  m_PrefabAsset: {fileID: 0}
  m_GameObject: {fileID: 1734478510367793}
  m_LocalRotation: {x: -0.05230848, y: -0.02533275, z: -0.3039234, w: 0.9509221}
  m_LocalPosition: {x: -0.3241991, y: 0.01987806, z: 0.09298384}
  m_LocalScale: {x: 0.9999998, y: 1, z: 1}
  m_Children:
  - {fileID: 4751877772556540}
  m_Father: {fileID: 4502156424527858}
  m_RootOrder: 1
  m_LocalEulerAnglesHint: {x: -4.838898, y: 4.587098, z: 35.25479}
--- !u!1 &1753297057989952
GameObject:
  m_ObjectHideFlags: 0
  m_CorrespondingSourceObject: {fileID: 0}
  m_PrefabInstance: {fileID: 0}
  m_PrefabAsset: {fileID: 0}
  serializedVersion: 6
  m_Component:
  - component: {fileID: 4224021483996995}
  m_Layer: 10
  m_Name: Bip001 L Finger2Nub
  m_TagString: Untagged
  m_Icon: {fileID: 0}
  m_NavMeshLayer: 0
  m_StaticEditorFlags: 0
  m_IsActive: 1
--- !u!4 &4224021483996995
Transform:
  m_ObjectHideFlags: 0
  m_CorrespondingSourceObject: {fileID: 0}
  m_PrefabInstance: {fileID: 0}
  m_PrefabAsset: {fileID: 0}
  m_GameObject: {fileID: 1753297057989952}
  m_LocalRotation: {x: -9.313226e-10, y: -0.000000001862645, z: 0.00000001490116,
    w: 1}
  m_LocalPosition: {x: -0.2422547, y: 0.00000005960464, z: -0.000000007450581}
  m_LocalScale: {x: 1, y: 0.9999999, z: 0.9999999}
  m_Children: []
  m_Father: {fileID: 4285066890900284}
  m_RootOrder: 0
  m_LocalEulerAnglesHint: {x: -0.0000001067217, y: 0.0000002134434, z: -0.000001707547}
--- !u!1 &1767504747989576
GameObject:
  m_ObjectHideFlags: 0
  m_CorrespondingSourceObject: {fileID: 0}
  m_PrefabInstance: {fileID: 0}
  m_PrefabAsset: {fileID: 0}
  serializedVersion: 6
  m_Component:
  - component: {fileID: 4741212771323262}
  m_Layer: 10
  m_Name: Bip001 R Finger2Nub
  m_TagString: Untagged
  m_Icon: {fileID: 0}
  m_NavMeshLayer: 0
  m_StaticEditorFlags: 0
  m_IsActive: 1
--- !u!4 &4741212771323262
Transform:
  m_ObjectHideFlags: 0
  m_CorrespondingSourceObject: {fileID: 0}
  m_PrefabInstance: {fileID: 0}
  m_PrefabAsset: {fileID: 0}
  m_GameObject: {fileID: 1767504747989576}
  m_LocalRotation: {x: -0.000000002793968, y: 9.313227e-10, z: 1, w: 6.383443e-17}
  m_LocalPosition: {x: -0.2422546, y: 0, z: 0.00000002235174}
  m_LocalScale: {x: -0.9999999, y: -0.9999999, z: -0.9999999}
  m_Children: []
  m_Father: {fileID: 4708948567846070}
  m_RootOrder: 0
  m_LocalEulerAnglesHint: {x: 0.0000001067217, y: -0.0000003201652, z: -180}
--- !u!1 &1782618064432630
GameObject:
  m_ObjectHideFlags: 0
  m_CorrespondingSourceObject: {fileID: 0}
  m_PrefabInstance: {fileID: 0}
  m_PrefabAsset: {fileID: 0}
  serializedVersion: 6
  m_Component:
  - component: {fileID: 4983659067534610}
  - component: {fileID: 137694258969855151}
  m_Layer: 10
  m_Name: Ms_003szlsw_0
  m_TagString: Untagged
  m_Icon: {fileID: 0}
  m_NavMeshLayer: 0
  m_StaticEditorFlags: 0
  m_IsActive: 1
--- !u!4 &4983659067534610
Transform:
  m_ObjectHideFlags: 0
  m_CorrespondingSourceObject: {fileID: 0}
  m_PrefabInstance: {fileID: 0}
  m_PrefabAsset: {fileID: 0}
  m_GameObject: {fileID: 1782618064432630}
  m_LocalRotation: {x: -0.7071068, y: 0, z: 0, w: 0.7071068}
  m_LocalPosition: {x: 0, y: 0, z: 0}
  m_LocalScale: {x: 1, y: 1, z: 1}
  m_Children: []
  m_Father: {fileID: 4121256543234969}
  m_RootOrder: 10
  m_LocalEulerAnglesHint: {x: -90, y: 0, z: 0}
--- !u!137 &137694258969855151
SkinnedMeshRenderer:
  m_ObjectHideFlags: 0
  m_CorrespondingSourceObject: {fileID: 0}
  m_PrefabInstance: {fileID: 0}
  m_PrefabAsset: {fileID: 0}
  m_GameObject: {fileID: 1782618064432630}
  m_Enabled: 1
  m_CastShadows: 1
  m_ReceiveShadows: 0
  m_DynamicOccludee: 1
  m_MotionVectors: 1
  m_LightProbeUsage: 1
  m_ReflectionProbeUsage: 1
  m_RayTracingMode: 3
  m_RayTraceProcedural: 0
  m_RenderingLayerMask: 1
  m_RendererPriority: 0
  m_Materials:
  - {fileID: 2100000, guid: 8532dd81e67e218469a5491be932a3a6, type: 2}
  m_StaticBatchInfo:
    firstSubMesh: 0
    subMeshCount: 0
  m_StaticBatchRoot: {fileID: 0}
  m_ProbeAnchor: {fileID: 0}
  m_LightProbeVolumeOverride: {fileID: 0}
  m_ScaleInLightmap: 1
  m_ReceiveGI: 1
  m_PreserveUVs: 0
  m_IgnoreNormalsForChartDetection: 0
  m_ImportantGI: 0
  m_StitchLightmapSeams: 0
  m_SelectedEditorRenderState: 3
  m_MinimumChartSize: 4
  m_AutoUVMaxDistance: 0.5
  m_AutoUVMaxAngle: 89
  m_LightmapParameters: {fileID: 0}
  m_SortingLayerID: 0
  m_SortingLayer: 0
  m_SortingOrder: 0
  serializedVersion: 2
  m_Quality: 0
  m_UpdateWhenOffscreen: 0
  m_SkinnedMotionVectors: 1
  m_Mesh: {fileID: 4300000, guid: 2413fb81a21ed534a9f3240b90f65099, type: 2}
  m_Bones:
  - {fileID: 4294383659489644}
  - {fileID: 4072164984020210}
  - {fileID: 4702214851659925}
  - {fileID: 4222298555276715}
  - {fileID: 4974524360892961}
  - {fileID: 4877134623715859}
  - {fileID: 4094339172446945}
  - {fileID: 4142290685238946}
  - {fileID: 4287053340679897}
  - {fileID: 4906605309694324}
  - {fileID: 4991722625633701}
  - {fileID: 4751877772556540}
  - {fileID: 4502156424527858}
  - {fileID: 4894113826024766}
  - {fileID: 4359871857050496}
  - {fileID: 4549825388249245}
  - {fileID: 4844854914082321}
  - {fileID: 4903859530365349}
  - {fileID: 4651653887858717}
  - {fileID: 4470019378006677}
  - {fileID: 4616081774435620}
  - {fileID: 4878560655504044}
  - {fileID: 4969122674361583}
  - {fileID: 4171962824088426}
  - {fileID: 4021423367349102}
  - {fileID: 4213688573370137}
  - {fileID: 4032010725152783}
  - {fileID: 4771158669731333}
  - {fileID: 4899342871995980}
  - {fileID: 4789664198833270}
  - {fileID: 4278696882069326}
  - {fileID: 4036463571719911}
  - {fileID: 4145532674439737}
  - {fileID: 4482937669022088}
  - {fileID: 4570461092770065}
  - {fileID: 4292741713009815}
  - {fileID: 4613936821929916}
  - {fileID: 4715247283830425}
  - {fileID: 4610194566396838}
  - {fileID: 4507964162414277}
  - {fileID: 4270355269809559}
  m_BlendShapeWeights: []
  m_RootBone: {fileID: 4470019378006677}
  m_AABB:
    m_Center: {x: -0.8395015, y: 0.06619251, z: 0.5604823}
    m_Extent: {x: 2.424366, y: 1.536727, z: 3.689302}
  m_DirtyAABB: 0
--- !u!1 &1814114684948519
GameObject:
  m_ObjectHideFlags: 0
  m_CorrespondingSourceObject: {fileID: 0}
  m_PrefabInstance: {fileID: 0}
  m_PrefabAsset: {fileID: 0}
  serializedVersion: 6
  m_Component:
  - component: {fileID: 4121256543234969}
  - component: {fileID: 95727580035122185}
  m_Layer: 10
  m_Name: model150
  m_TagString: Untagged
  m_Icon: {fileID: 0}
  m_NavMeshLayer: 0
  m_StaticEditorFlags: 0
  m_IsActive: 1
--- !u!4 &4121256543234969
Transform:
  m_ObjectHideFlags: 0
  m_CorrespondingSourceObject: {fileID: 0}
  m_PrefabInstance: {fileID: 0}
  m_PrefabAsset: {fileID: 0}
  m_GameObject: {fileID: 1814114684948519}
  m_LocalRotation: {x: 0, y: 0, z: 0, w: 1}
  m_LocalPosition: {x: 0, y: 0, z: 0}
  m_LocalScale: {x: 1, y: 1, z: 1}
  m_Children:
  - {fileID: 4458481227653924}
  - {fileID: 4610194566396838}
  - {fileID: 4894113826024766}
  - {fileID: 4270355269809559}
  - {fileID: 4651653887858717}
  - {fileID: 4616081774435620}
  - {fileID: 4171962824088426}
  - {fileID: 4549825388249245}
  - {fileID: 4561521927372508}
  - {fileID: 4447817700609361}
  - {fileID: 4983659067534610}
  - {fileID: 4784035867516957}
  - {fileID: 4840660497620130}
  - {fileID: 4584977368401208}
  - {fileID: 4627315868228610}
  - {fileID: 4573116642044550}
  - {fileID: 4346450026412228}
  - {fileID: 1899279722386382624}
  m_Father: {fileID: 0}
  m_RootOrder: 0
  m_LocalEulerAnglesHint: {x: 0, y: 0, z: 0}
--- !u!95 &95727580035122185
Animator:
  serializedVersion: 3
  m_ObjectHideFlags: 0
  m_CorrespondingSourceObject: {fileID: 0}
  m_PrefabInstance: {fileID: 0}
  m_PrefabAsset: {fileID: 0}
  m_GameObject: {fileID: 1814114684948519}
  m_Enabled: 1
  m_Avatar: {fileID: 9000000, guid: a999998e253af3b41ac74a4f0ad7e233, type: 2}
  m_Controller: {fileID: 22100000, guid: 61308fa2e307c044d8f0bbc78fa2b506, type: 2}
  m_CullingMode: 0
  m_UpdateMode: 0
  m_ApplyRootMotion: 0
  m_LinearVelocityBlending: 0
  m_WarningMessage: 
  m_HasTransformHierarchy: 1
  m_AllowConstantClipSamplingOptimization: 1
  m_KeepAnimatorControllerStateOnDisable: 0
--- !u!1 &1816127446807205
GameObject:
  m_ObjectHideFlags: 0
  m_CorrespondingSourceObject: {fileID: 0}
  m_PrefabInstance: {fileID: 0}
  m_PrefabAsset: {fileID: 0}
  serializedVersion: 6
  m_Component:
  - component: {fileID: 4708948567846070}
  m_Layer: 10
  m_Name: Bip001 R Finger21
  m_TagString: Untagged
  m_Icon: {fileID: 0}
  m_NavMeshLayer: 0
  m_StaticEditorFlags: 0
  m_IsActive: 1
--- !u!4 &4708948567846070
Transform:
  m_ObjectHideFlags: 0
  m_CorrespondingSourceObject: {fileID: 0}
  m_PrefabInstance: {fileID: 0}
  m_PrefabAsset: {fileID: 0}
  m_GameObject: {fileID: 1816127446807205}
  m_LocalRotation: {x: -0.000000003428924, y: -0.000000001963412, z: -0.2622638, w: 0.9649962}
  m_LocalPosition: {x: -0.1888121, y: 0, z: 0.00000002235174}
  m_LocalScale: {x: 1, y: 1, z: 1}
  m_Children:
  - {fileID: 4741212771323262}
  m_Father: {fileID: 4680730107521042}
  m_RootOrder: 0
  m_LocalEulerAnglesHint: {x: -0.0000003201651, y: 0.0000003201651, z: 30.40886}
--- !u!1 &1818944555286785
GameObject:
  m_ObjectHideFlags: 0
  m_CorrespondingSourceObject: {fileID: 0}
  m_PrefabInstance: {fileID: 0}
  m_PrefabAsset: {fileID: 0}
  serializedVersion: 6
  m_Component:
  - component: {fileID: 4094339172446945}
  m_Layer: 10
  m_Name: Bone010
  m_TagString: Untagged
  m_Icon: {fileID: 0}
  m_NavMeshLayer: 0
  m_StaticEditorFlags: 0
  m_IsActive: 1
--- !u!4 &4094339172446945
Transform:
  m_ObjectHideFlags: 0
  m_CorrespondingSourceObject: {fileID: 0}
  m_PrefabInstance: {fileID: 0}
  m_PrefabAsset: {fileID: 0}
  m_GameObject: {fileID: 1818944555286785}
  m_LocalRotation: {x: -0.000002283001, y: -0.0000009890018, z: -0.2844631, w: 0.958687}
  m_LocalPosition: {x: -0.1882606, y: 0.00000005960464, z: -0.0000001788139}
  m_LocalScale: {x: 1, y: 1, z: 1}
  m_Children: []
  m_Father: {fileID: 4142290685238946}
  m_RootOrder: 0
  m_LocalEulerAnglesHint: {x: -0.000218566, y: 0.0001830683, z: 33.05352}
--- !u!1 &1819721990375296
GameObject:
  m_ObjectHideFlags: 0
  m_CorrespondingSourceObject: {fileID: 0}
  m_PrefabInstance: {fileID: 0}
  m_PrefabAsset: {fileID: 0}
  serializedVersion: 6
  m_Component:
  - component: {fileID: 4613936821929916}
  m_Layer: 10
  m_Name: Bip001 R Foot
  m_TagString: Untagged
  m_Icon: {fileID: 0}
  m_NavMeshLayer: 0
  m_StaticEditorFlags: 0
  m_IsActive: 1
--- !u!4 &4613936821929916
Transform:
  m_ObjectHideFlags: 0
  m_CorrespondingSourceObject: {fileID: 0}
  m_PrefabInstance: {fileID: 0}
  m_PrefabAsset: {fileID: 0}
  m_GameObject: {fileID: 1819721990375296}
  m_LocalRotation: {x: 0.01453874, y: -0.004967763, z: 0.03276762, w: 0.9993449}
  m_LocalPosition: {x: -0.4651037, y: 0, z: 0.00000005960464}
  m_LocalScale: {x: 0.9999999, y: 0.9999999, z: 1}
  m_Children:
  - {fileID: 4752011576432243}
  - {fileID: 4201663095578286}
  m_Father: {fileID: 4292741713009815}
  m_RootOrder: 0
  m_LocalEulerAnglesHint: {x: 1.646596, y: 0.6234944, z: -3.747049}
--- !u!1 &1824682247659848
GameObject:
  m_ObjectHideFlags: 0
  m_CorrespondingSourceObject: {fileID: 0}
  m_PrefabInstance: {fileID: 0}
  m_PrefabAsset: {fileID: 0}
  serializedVersion: 6
  m_Component:
  - component: {fileID: 4482937669022088}
  m_Layer: 10
  m_Name: Bip001 R Forearm
  m_TagString: Untagged
  m_Icon: {fileID: 0}
  m_NavMeshLayer: 0
  m_StaticEditorFlags: 0
  m_IsActive: 1
--- !u!4 &4482937669022088
Transform:
  m_ObjectHideFlags: 0
  m_CorrespondingSourceObject: {fileID: 0}
  m_PrefabInstance: {fileID: 0}
  m_PrefabAsset: {fileID: 0}
  m_GameObject: {fileID: 1824682247659848}
  m_LocalRotation: {x: -0.000000004868821, y: 0.00000001450988, z: 0.0933903, w: 0.9956296}
  m_LocalPosition: {x: -0.2975875, y: -0.00000002980232, z: 0}
  m_LocalScale: {x: 0.9999999, y: 0.9999998, z: 1}
  m_Children:
  - {fileID: 4021423367349102}
  m_Father: {fileID: 4715247283830425}
  m_RootOrder: 0
  m_LocalEulerAnglesHint: {x: -0.0000004002065, y: -0.000001707548, z: -10.71736}
--- !u!1 &1843359562380709
GameObject:
  m_ObjectHideFlags: 0
  m_CorrespondingSourceObject: {fileID: 0}
  m_PrefabInstance: {fileID: 0}
  m_PrefabAsset: {fileID: 0}
  serializedVersion: 6
  m_Component:
  - component: {fileID: 4505978907793909}
  m_Layer: 10
  m_Name: Bip001 L Finger1
  m_TagString: Untagged
  m_Icon: {fileID: 0}
  m_NavMeshLayer: 0
  m_StaticEditorFlags: 0
  m_IsActive: 1
--- !u!4 &4505978907793909
Transform:
  m_ObjectHideFlags: 0
  m_CorrespondingSourceObject: {fileID: 0}
  m_PrefabInstance: {fileID: 0}
  m_PrefabAsset: {fileID: 0}
  m_GameObject: {fileID: 1843359562380709}
  m_LocalRotation: {x: -0.007823819, y: -0.06069636, z: -0.2583121, w: 0.9641212}
  m_LocalPosition: {x: -0.7352459, y: 0.01804972, z: -0.09240773}
  m_LocalScale: {x: 1, y: 1, z: 1}
  m_Children:
  - {fileID: 4265704356025858}
  m_Father: {fileID: 4072164984020210}
  m_RootOrder: 1
  m_LocalEulerAnglesHint: {x: 0.9392108, y: 6.954394, z: 30.05448}
--- !u!1 &1849181325023346
GameObject:
  m_ObjectHideFlags: 0
  m_CorrespondingSourceObject: {fileID: 0}
  m_PrefabInstance: {fileID: 0}
  m_PrefabAsset: {fileID: 0}
  serializedVersion: 6
  m_Component:
  - component: {fileID: 4877134623715859}
  m_Layer: 10
  m_Name: Bip001 L Foot
  m_TagString: Untagged
  m_Icon: {fileID: 0}
  m_NavMeshLayer: 0
  m_StaticEditorFlags: 0
  m_IsActive: 1
--- !u!4 &4877134623715859
Transform:
  m_ObjectHideFlags: 0
  m_CorrespondingSourceObject: {fileID: 0}
  m_PrefabInstance: {fileID: 0}
  m_PrefabAsset: {fileID: 0}
  m_GameObject: {fileID: 1849181325023346}
  m_LocalRotation: {x: -0.01453875, y: 0.004967679, z: 0.0327676, w: 0.9993449}
  m_LocalPosition: {x: -0.4651039, y: 0, z: 0}
  m_LocalScale: {x: 1, y: 0.9999999, z: 1}
  m_Children:
  - {fileID: 4820863522896966}
  - {fileID: 4660262697368221}
  m_Father: {fileID: 4974524360892961}
  m_RootOrder: 0
  m_LocalEulerAnglesHint: {x: -1.646598, y: -0.6234848, z: -3.747046}
--- !u!1 &1857425313857844
GameObject:
  m_ObjectHideFlags: 0
  m_CorrespondingSourceObject: {fileID: 0}
  m_PrefabInstance: {fileID: 0}
  m_PrefabAsset: {fileID: 0}
  serializedVersion: 6
  m_Component:
  - component: {fileID: 4222298555276715}
  m_Layer: 10
  m_Name: Bip001 L Thigh
  m_TagString: Untagged
  m_Icon: {fileID: 0}
  m_NavMeshLayer: 0
  m_StaticEditorFlags: 0
  m_IsActive: 1
--- !u!4 &4222298555276715
Transform:
  m_ObjectHideFlags: 0
  m_CorrespondingSourceObject: {fileID: 0}
  m_PrefabInstance: {fileID: 0}
  m_PrefabAsset: {fileID: 0}
  m_GameObject: {fileID: 1857425313857844}
  m_LocalRotation: {x: -0.3169425, y: 0.938975, z: 0.1333721, w: 0.00923241}
  m_LocalPosition: {x: 0.04516542, y: 0.01442713, z: 0.6385879}
  m_LocalScale: {x: 1, y: 1, z: 0.9999999}
  m_Children:
  - {fileID: 4974524360892961}
  m_Father: {fileID: 4294383659489644}
  m_RootOrder: 0
  m_LocalEulerAnglesHint: {x: 165.7654, y: -5.847473, z: 143.4275}
--- !u!1 &1860585799237720
GameObject:
  m_ObjectHideFlags: 0
  m_CorrespondingSourceObject: {fileID: 0}
  m_PrefabInstance: {fileID: 0}
  m_PrefabAsset: {fileID: 0}
  serializedVersion: 6
  m_Component:
  - component: {fileID: 4470019378006677}
  m_Layer: 10
  m_Name: Bip001 Pelvis
  m_TagString: Untagged
  m_Icon: {fileID: 0}
  m_NavMeshLayer: 0
  m_StaticEditorFlags: 0
  m_IsActive: 1
--- !u!4 &4470019378006677
Transform:
  m_ObjectHideFlags: 0
  m_CorrespondingSourceObject: {fileID: 0}
  m_PrefabInstance: {fileID: 0}
  m_PrefabAsset: {fileID: 0}
  m_GameObject: {fileID: 1860585799237720}
  m_LocalRotation: {x: -0.5336594, y: 0.4639033, z: 0.4639043, w: 0.5336611}
  m_LocalPosition: {x: 0, y: 0, z: 0}
  m_LocalScale: {x: 1, y: 0.9999999, z: 0.9999999}
  m_Children:
  - {fileID: 4294383659489644}
  m_Father: {fileID: 4458481227653924}
  m_RootOrder: 0
  m_LocalEulerAnglesHint: {x: -89.99889, y: -82.00001, z: -0.001056523}
--- !u!1 &1886989767044481
GameObject:
  m_ObjectHideFlags: 0
  m_CorrespondingSourceObject: {fileID: 0}
  m_PrefabInstance: {fileID: 0}
  m_PrefabAsset: {fileID: 0}
  serializedVersion: 6
  m_Component:
  - component: {fileID: 4681471346206922}
  m_Layer: 10
  m_Name: Bip001 L Finger1Nub
  m_TagString: Untagged
  m_Icon: {fileID: 0}
  m_NavMeshLayer: 0
  m_StaticEditorFlags: 0
  m_IsActive: 1
--- !u!4 &4681471346206922
Transform:
  m_ObjectHideFlags: 0
  m_CorrespondingSourceObject: {fileID: 0}
  m_PrefabInstance: {fileID: 0}
  m_PrefabAsset: {fileID: 0}
  m_GameObject: {fileID: 1886989767044481}
  m_LocalRotation: {x: 0.00000000372529, y: -0.00000000372529, z: 1.387779e-17, w: 1}
  m_LocalPosition: {x: -0.184118, y: 0.00000002980232, z: -0.000000007450581}
  m_LocalScale: {x: 1, y: 1, z: 0.9999999}
  m_Children: []
  m_Father: {fileID: 4265704356025858}
  m_RootOrder: 0
  m_LocalEulerAnglesHint: {x: 0.0000004268868, y: 0.0000004268868, z: 0}
--- !u!1 &1905100320657452
GameObject:
  m_ObjectHideFlags: 0
  m_CorrespondingSourceObject: {fileID: 0}
  m_PrefabInstance: {fileID: 0}
  m_PrefabAsset: {fileID: 0}
  serializedVersion: 6
  m_Component:
  - component: {fileID: 4278696882069326}
  m_Layer: 10
  m_Name: Bone013
  m_TagString: Untagged
  m_Icon: {fileID: 0}
  m_NavMeshLayer: 0
  m_StaticEditorFlags: 0
  m_IsActive: 1
--- !u!4 &4278696882069326
Transform:
  m_ObjectHideFlags: 0
  m_CorrespondingSourceObject: {fileID: 0}
  m_PrefabInstance: {fileID: 0}
  m_PrefabAsset: {fileID: 0}
  m_GameObject: {fileID: 1905100320657452}
  m_LocalRotation: {x: -0.3172919, y: -0.5643179, z: 0.219056, w: 0.7299902}
  m_LocalPosition: {x: -0.09890687, y: -0.01441896, z: -0.1978252}
  m_LocalScale: {x: 1, y: 1, z: 0.9999999}
  m_Children:
  - {fileID: 4036463571719911}
  m_Father: {fileID: 4789664198833270}
  m_RootOrder: 2
  m_LocalEulerAnglesHint: {x: -77.17496, y: 43.22646, z: -68.49429}
--- !u!1 &1909899387475318
GameObject:
  m_ObjectHideFlags: 0
  m_CorrespondingSourceObject: {fileID: 0}
  m_PrefabInstance: {fileID: 0}
  m_PrefabAsset: {fileID: 0}
  serializedVersion: 6
  m_Component:
  - component: {fileID: 4145532674439737}
  m_Layer: 10
  m_Name: Bip001 R Clavicle
  m_TagString: Untagged
  m_Icon: {fileID: 0}
  m_NavMeshLayer: 0
  m_StaticEditorFlags: 0
  m_IsActive: 1
--- !u!4 &4145532674439737
Transform:
  m_ObjectHideFlags: 0
  m_CorrespondingSourceObject: {fileID: 0}
  m_PrefabInstance: {fileID: 0}
  m_PrefabAsset: {fileID: 0}
  m_GameObject: {fileID: 1909899387475318}
  m_LocalRotation: {x: 0.8035875, y: -0.01525154, z: 0.5946105, w: -0.02128037}
  m_LocalPosition: {x: 0.1976452, y: -0.09249538, z: -0.5497772}
  m_LocalScale: {x: 0.9999999, y: 1, z: 0.9999999}
  m_Children:
  - {fileID: 4715247283830425}
  m_Father: {fileID: 4075011361260467}
  m_RootOrder: 2
  m_LocalEulerAnglesHint: {x: -169.8371, y: 72.745, z: 9.668804}
--- !u!1 &1910262559669036
GameObject:
  m_ObjectHideFlags: 0
  m_CorrespondingSourceObject: {fileID: 0}
  m_PrefabInstance: {fileID: 0}
  m_PrefabAsset: {fileID: 0}
  serializedVersion: 6
  m_Component:
  - component: {fileID: 4171962824088426}
  m_Layer: 10
  m_Name: Bone021
  m_TagString: Untagged
  m_Icon: {fileID: 0}
  m_NavMeshLayer: 0
  m_StaticEditorFlags: 0
  m_IsActive: 1
--- !u!4 &4171962824088426
Transform:
  m_ObjectHideFlags: 0
  m_CorrespondingSourceObject: {fileID: 0}
  m_PrefabInstance: {fileID: 0}
  m_PrefabAsset: {fileID: 0}
  m_GameObject: {fileID: 1910262559669036}
  m_LocalRotation: {x: 0.00000004665067, y: -0.0000004232744, z: 0.7104034, w: 0.7037947}
  m_LocalPosition: {x: -3.827023, y: 3.661402, z: 0.08854466}
  m_LocalScale: {x: 1, y: 1, z: 1}
  m_Children: []
  m_Father: {fileID: 4121256543234969}
  m_RootOrder: 6
  m_LocalEulerAnglesHint: {x: -0.00003069485, y: 0.00003793428, z: -90.5355}
--- !u!1 &1951099926022415
GameObject:
  m_ObjectHideFlags: 0
  m_CorrespondingSourceObject: {fileID: 0}
  m_PrefabInstance: {fileID: 0}
  m_PrefabAsset: {fileID: 0}
  serializedVersion: 6
  m_Component:
  - component: {fileID: 4789664198833270}
  m_Layer: 10
  m_Name: Bone012
  m_TagString: Untagged
  m_Icon: {fileID: 0}
  m_NavMeshLayer: 0
  m_StaticEditorFlags: 0
  m_IsActive: 1
--- !u!4 &4789664198833270
Transform:
  m_ObjectHideFlags: 0
  m_CorrespondingSourceObject: {fileID: 0}
  m_PrefabInstance: {fileID: 0}
  m_PrefabAsset: {fileID: 0}
  m_GameObject: {fileID: 1951099926022415}
  m_LocalRotation: {x: 0.9990484, y: -0.0261611, z: -0.0009137328, w: -0.03488782}
  m_LocalPosition: {x: -0.4147773, y: -0.008366704, z: -0.02121973}
  m_LocalScale: {x: 1, y: 1, z: 1}
  m_Children:
  - {fileID: 4771158669731333}
  - {fileID: 4213688573370137}
  - {fileID: 4278696882069326}
  m_Father: {fileID: 4021423367349102}
  m_RootOrder: 3
  m_LocalEulerAnglesHint: {x: -176.0054, y: -0.209195, z: 2.992716}
--- !u!1 &1951752448911939
GameObject:
  m_ObjectHideFlags: 0
  m_CorrespondingSourceObject: {fileID: 0}
  m_PrefabInstance: {fileID: 0}
  m_PrefabAsset: {fileID: 0}
  serializedVersion: 6
  m_Component:
  - component: {fileID: 4201663095578286}
  m_Layer: 10
  m_Name: RightFoot
  m_TagString: Untagged
  m_Icon: {fileID: 0}
  m_NavMeshLayer: 0
  m_StaticEditorFlags: 0
  m_IsActive: 1
--- !u!4 &4201663095578286
Transform:
  m_ObjectHideFlags: 0
  m_CorrespondingSourceObject: {fileID: 0}
  m_PrefabInstance: {fileID: 0}
  m_PrefabAsset: {fileID: 0}
  m_GameObject: {fileID: 1951752448911939}
  m_LocalRotation: {x: -6.123234e-17, y: -6.123234e-17, z: -6.123234e-17, w: 1}
  m_LocalPosition: {x: -0.2863675, y: 0.2440428, z: 0.003088951}
  m_LocalScale: {x: 1, y: 1, z: 1}
  m_Children: []
  m_Father: {fileID: 4613936821929916}
  m_RootOrder: 1
  m_LocalEulerAnglesHint: {x: -7.01671e-15, y: 7.01671e-15, z: 7.01671e-15}
--- !u!1 &1979838019335711
GameObject:
  m_ObjectHideFlags: 0
  m_CorrespondingSourceObject: {fileID: 0}
  m_PrefabInstance: {fileID: 0}
  m_PrefabAsset: {fileID: 0}
  serializedVersion: 6
  m_Component:
  - component: {fileID: 4301398876050769}
  m_Layer: 10
  m_Name: Bip001 R Finger0
  m_TagString: Untagged
  m_Icon: {fileID: 0}
  m_NavMeshLayer: 0
  m_StaticEditorFlags: 0
  m_IsActive: 1
--- !u!4 &4301398876050769
Transform:
  m_ObjectHideFlags: 0
  m_CorrespondingSourceObject: {fileID: 0}
  m_PrefabInstance: {fileID: 0}
  m_PrefabAsset: {fileID: 0}
  m_GameObject: {fileID: 1979838019335711}
  m_LocalRotation: {x: -0.2769588, y: 0.5803896, z: -0.2179682, w: 0.7341196}
  m_LocalPosition: {x: -0.5128053, y: -0.003119588, z: 0.1774611}
  m_LocalScale: {x: 1, y: 1, z: 1}
  m_Children:
  - {fileID: 4053712867877641}
  m_Father: {fileID: 4021423367349102}
  m_RootOrder: 0
  m_LocalEulerAnglesHint: {x: -75.31412, y: -47.0051, z: 70.17509}
--- !u!1 &1991595691987759
GameObject:
  m_ObjectHideFlags: 0
  m_CorrespondingSourceObject: {fileID: 0}
  m_PrefabInstance: {fileID: 0}
  m_PrefabAsset: {fileID: 0}
  serializedVersion: 6
  m_Component:
  - component: {fileID: 4974524360892961}
  m_Layer: 10
  m_Name: Bip001 L Calf
  m_TagString: Untagged
  m_Icon: {fileID: 0}
  m_NavMeshLayer: 0
  m_StaticEditorFlags: 0
  m_IsActive: 1
--- !u!4 &4974524360892961
Transform:
  m_ObjectHideFlags: 0
  m_CorrespondingSourceObject: {fileID: 0}
  m_PrefabInstance: {fileID: 0}
  m_PrefabAsset: {fileID: 0}
  m_GameObject: {fileID: 1991595691987759}
  m_LocalRotation: {x: 0.00000001149089, y: -0.000000002559494, z: 0.1443099, w: 0.9895326}
  m_LocalPosition: {x: -0.3302699, y: 0.00000005960464, z: 0}
  m_LocalScale: {x: 1, y: 1, z: 1}
  m_Children:
  - {fileID: 4877134623715859}
  m_Father: {fileID: 4222298555276715}
  m_RootOrder: 0
  m_LocalEulerAnglesHint: {x: 0.00000126065, y: 0.0000004802476, z: -16.59464}
--- !u!1 &5295391473536537122
GameObject:
  m_ObjectHideFlags: 0
  m_CorrespondingSourceObject: {fileID: 0}
  m_PrefabInstance: {fileID: 0}
  m_PrefabAsset: {fileID: 0}
  serializedVersion: 6
  m_Component:
  - component: {fileID: 1899279722386382624}
  - component: {fileID: 2035306015154412462}
  m_Layer: 10
  m_Name: shadow
  m_TagString: Untagged
  m_Icon: {fileID: 0}
  m_NavMeshLayer: 0
  m_StaticEditorFlags: 0
  m_IsActive: 1
--- !u!4 &1899279722386382624
Transform:
  m_ObjectHideFlags: 0
  m_CorrespondingSourceObject: {fileID: 0}
  m_PrefabInstance: {fileID: 0}
  m_PrefabAsset: {fileID: 0}
  m_GameObject: {fileID: 5295391473536537122}
  m_LocalRotation: {x: -0.7071068, y: 0, z: 0, w: 0.7071068}
  m_LocalPosition: {x: 0, y: 0, z: 0}
  m_LocalScale: {x: 1, y: 1, z: 1}
  m_Children: []
  m_Father: {fileID: 4121256543234969}
  m_RootOrder: 17
  m_LocalEulerAnglesHint: {x: -90, y: 0, z: 0}
--- !u!137 &2035306015154412462
SkinnedMeshRenderer:
  m_ObjectHideFlags: 0
  m_CorrespondingSourceObject: {fileID: 0}
  m_PrefabInstance: {fileID: 0}
  m_PrefabAsset: {fileID: 0}
  m_GameObject: {fileID: 5295391473536537122}
  m_Enabled: 1
  m_CastShadows: 1
  m_ReceiveShadows: 0
  m_DynamicOccludee: 1
  m_MotionVectors: 1
  m_LightProbeUsage: 1
  m_ReflectionProbeUsage: 1
  m_RayTracingMode: 3
  m_RayTraceProcedural: 0
  m_RenderingLayerMask: 1
  m_RendererPriority: 0
  m_Materials:
  - {fileID: 2100000, guid: 5f2e586f9fbdd8e42b66f22851a083d0, type: 2}
  m_StaticBatchInfo:
    firstSubMesh: 0
    subMeshCount: 0
  m_StaticBatchRoot: {fileID: 0}
  m_ProbeAnchor: {fileID: 0}
  m_LightProbeVolumeOverride: {fileID: 0}
  m_ScaleInLightmap: 1
  m_ReceiveGI: 1
  m_PreserveUVs: 0
  m_IgnoreNormalsForChartDetection: 0
  m_ImportantGI: 0
  m_StitchLightmapSeams: 0
  m_SelectedEditorRenderState: 3
  m_MinimumChartSize: 4
  m_AutoUVMaxDistance: 0.5
  m_AutoUVMaxAngle: 89
  m_LightmapParameters: {fileID: 0}
  m_SortingLayerID: 0
  m_SortingLayer: 0
  m_SortingOrder: 0
  serializedVersion: 2
  m_Quality: 0
  m_UpdateWhenOffscreen: 0
  m_SkinnedMotionVectors: 1
  m_Mesh: {fileID: 4300000, guid: 2413fb81a21ed534a9f3240b90f65099, type: 2}
  m_Bones:
  - {fileID: 4294383659489644}
  - {fileID: 4072164984020210}
  - {fileID: 4702214851659925}
  - {fileID: 4222298555276715}
  - {fileID: 4974524360892961}
  - {fileID: 4877134623715859}
  - {fileID: 4094339172446945}
  - {fileID: 4142290685238946}
  - {fileID: 4287053340679897}
  - {fileID: 4906605309694324}
  - {fileID: 4991722625633701}
  - {fileID: 4751877772556540}
  - {fileID: 4502156424527858}
  - {fileID: 4894113826024766}
  - {fileID: 4359871857050496}
  - {fileID: 4549825388249245}
  - {fileID: 4844854914082321}
  - {fileID: 4903859530365349}
  - {fileID: 4651653887858717}
  - {fileID: 4470019378006677}
  - {fileID: 4616081774435620}
  - {fileID: 4878560655504044}
  - {fileID: 4969122674361583}
  - {fileID: 4171962824088426}
  - {fileID: 4021423367349102}
  - {fileID: 4213688573370137}
  - {fileID: 4032010725152783}
  - {fileID: 4771158669731333}
  - {fileID: 4899342871995980}
  - {fileID: 4789664198833270}
  - {fileID: 4278696882069326}
  - {fileID: 4036463571719911}
  - {fileID: 4145532674439737}
  - {fileID: 4482937669022088}
  - {fileID: 4570461092770065}
  - {fileID: 4292741713009815}
  - {fileID: 4613936821929916}
  - {fileID: 4715247283830425}
  - {fileID: 4610194566396838}
  - {fileID: 4507964162414277}
  - {fileID: 4270355269809559}
  m_BlendShapeWeights: []
  m_RootBone: {fileID: 4470019378006677}
  m_AABB:
    m_Center: {x: -0.8395015, y: 0.06619251, z: 0.5604823}
    m_Extent: {x: 2.424366, y: 1.536727, z: 3.689302}
  m_DirtyAABB: 0
